 Dungeon Crawl Stone Soup version 0.30-a0-165-g1891117ce2 (webtiles) character file.

Game seed: 8465026964289877409

600237 qw the Slayer (level 27, -18/193 HPs)
             Began as a Gargoyle Fighter on Sept 28, 2022.
             Was a High Priest of the Shining One.
             Killed by a royal mummy's death curse (30 damage)
             ... on level 3 of the Tomb of the Ancients.
             The game lasted 00:34:50 (70655 turns).

qw the Slayer (Gargoyle Fighter)                   Turns: 70655, Time: 00:34:50

Health: -18/193    AC: 63    Str: 32      XL:     27
Magic:  3/38       EV: 14    Int: 15      God:    the Shining One [*****.]
Gold:   5888       SH: 27    Dex: 11 (12) Spells: 26/26 levels left

rFire   + . .      SeeInvis .    y - +9 broad axe (holy)
rCold   + . .      Faith    .    K - +1 tower shield of Ganaygeb {rN+}
rNeg    + + +      Spirit   .    v - +5 crystal plate armour of the Cuttlefish {rN+ Int+4 Stlth+}
rPois   inf        Reflect  +    (helmet restricted)
rElec   +          Harm     .    z - scarf {rC+ rF+}
rCorr   .          Rampage  .    h - +2 pair of gloves {Dex+3}
Will    ++...                    A - +2 pair of boots
Stlth   ..........               l - amulet of reflection
HPRegen 0.42/turn                b - +4 ring of slaying {mikee}
MPRegen 0.26/turn                r - +4 ring of evasion

@: about to teleport, flying, contaminated, slowed, glowing, very slow
A: sickness immunity, AC +20, big wings, negative energy resistance 1,
electricity resistance, torment resistance 1, petrification resistance, antennae
1, talons 1, subdued magic 1
}: 3/15 runes: decaying, silver, gossamer
a: Renounce Religion, Divine Shield, Cleansing Flame, Summon Divine Warrior


You were on level 3 of the Tomb of the Ancients.
You worshipped the Shining One.
The Shining One was extremely pleased with you.
You visited 11 branches of the dungeon, and saw 50 of its levels.
You visited the Abyss 2 times.
You visited 1 bazaar.

You collected 10130 gold pieces.
You spent 4242 gold pieces at shops.


Innate Abilities, Weirdness & Mutations

You are immune to sickness and miasma.
Your stone body is resilient. (AC +20)
You are immune to poison.
Your large and strong wings let you fly.
You resist negative energy. (rN+)
You are resistant to electric shocks. (rElec)
You are resistant to unholy torment.
You are immune to petrification.
You have a pair of small antennae on your head.
You have sharp toenails.
Your spells are a little easier to cast, but a little less powerful.


   Skills:
 - Level 25.0 Fighting
 - Level 18.0 Axes
 - Level 14.0 Throwing
 - Level 24.0 Armour
 - Level 8.6 Dodging
 - Level 22.0 Shields
 + Level 22.0 Invocations


You had 26 spell levels left.
You didn't know any spells.
Your spell library was empty.

Inventory:

Hand Weapons
 p - the +4 war axe of the Candelabrum {venom, rF+ rC+ Dex-4 SInv}
   (You found it on level 1 of the Swamp)

   It poisons the flesh of those it strikes.
   Dex:       It affects your dexterity (-4).
   rF:        It protects you from fire.
   rC:        It protects you from cold.
   SInv:      It lets you see invisible.
 y - a +9 broad axe of holy wrath (weapon)
Missiles
 s - 2 silver boomerangs (quivered)
 w - 28 boomerangs
Armour
 h - a +2 pair of gloves of dexterity (worn)
 m - a +2 cloak of preservation
 v - the +5 crystal plate armour of the Cuttlefish (worn) {rN+ Int+4 Stlth+}
   (Okawaru gifted it to you on level 3 of the Depths)

   Int:       It affects your intelligence (+4).
   rN:        It protects you from negative energy.
   Stlth:     It makes you more stealthy.
 z - a scarf of resistance (worn)
 A - a +2 pair of boots (worn)
 D - +0 gold dragon scales
 F - a +2 helmet
 K - the +1 tower shield of Ganaygeb (worn) {rN+}
   (You took it off a vampire knight on level 1 of the Crypt)

   rN:        It protects you from negative energy.
Jewellery
 b - a +4 ring of slaying (left hand) {mikee}
 l - an amulet of reflection (around neck)
 n - a ring of protection from fire
 r - a +4 ring of evasion (right hand)
 x - the ring "Raceoshro" {rF- rCorr MP+9 Int+2 SInv}
   (You bought it in a shop on level 2 of the Orcish Mines)

   [ring of magical power]

   Int:       It affects your intelligence (+2).
   rF:        It makes you vulnerable to fire.
   MP:        It affects your magic capacity (+9).
   SInv:      It lets you see invisible.
   rCorr:     It protects you from acid and corrosion.
 B - a ring of protection from cold
 H - a ring of protection from cold
Wands
 t - a wand of digging (13)
Scrolls
 a - 17 scrolls of identify
 c - 2 scrolls of enchant armour
 f - 18 scrolls of teleportation
 E - 5 scrolls of enchant weapon
 G - 7 scrolls of brand weapon
Potions
 d - 5 potions of might
 e - 5 potions of attraction
 g - 7 potions of lignification
 k - 9 potions of haste
 o - 5 potions of cancellation
 q - 11 potions of mutation
 u - 3 potions of curing

Dungeon Overview and Level Annotations

Branches:
Dungeon (15/15)            Temple (1/1) D:7            Lair (5/5) D:11
  Swamp (4/4) Lair:2       Spider (4/4) Lair:3        Slime (0/5) Lair:5
    Orc (2/2) D:9             Elf (0/3) Orc:2        Vaults (5/5) D:13
  Crypt (3/3) Vaults:3       Tomb (3/3) Crypt:3      Depths (4/4) D:15
    Zot (4/5) Depths:4

Altars:
Ashenzari
Cheibriados
Dithmenos
Elyvilon
Fedhas
Gozag
Hepliaklqana
Kikubaaqudgha
Makhleb
Nemelex Xobeh
Okawaru
Qazlal
Ru
Sif Muna
Trog
Uskayaw
Vehumet
Wu Jian
Xom
Yredelemnul
Zin
The Shining One
Jiyva

Shops:
D:8 !   Orc:1 *   Orc:2 ??[=   Vaults:1 *   Depths:3 ?(

Portals:
Hell: Depths:1 Depths:2 Depths:3 Depths:4
Abyss: Depths:3 Depths:4
Pandemonium: Depths:2 Depths:3
Ziggurat: Depths:1

Annotations:
D:3 2 transporters
Vaults:2 2 transporters


Message History

The death scarab writhes in agony!
You destroy the death scarab!
The death scarab's corpse disappears in a puff of smoke!
The golden flame engulfs the death scarab!!!!
The death scarab writhes in agony!
You destroy the death scarab!
The death scarab's corpse disappears in a puff of smoke!
The golden flame engulfs the mummy priest!!
The mummy priest writhes in agony!
The mummy priest is moderately damaged.
The golden flame engulfs the guardian mummy!!!
The guardian mummy writhes in agony!
You destroy the guardian mummy!
The Shining One accepts your kill.
The golden flame engulfs the death scarab!!!
The death scarab writhes in agony!
You destroy the death scarab!
The death scarab's corpse disappears in a puff of smoke!
The golden flame engulfs the guardian mummy!!!!
The guardian mummy writhes in agony!
You destroy the guardian mummy!
The Shining One accepts your kill.
You feel better.
You feel your power returning.
The golden flame engulfs the death scarab!!!
The death scarab writhes in agony!
You destroy the death scarab!
The death scarab's corpse disappears in a puff of smoke!
The golden flame engulfs the flayed ghost!!!
The flayed ghost writhes in agony!
You destroy the flayed ghost!
The flayed ghost disappears in a puff of smoke!
You feel extremely nervous for a moment...
You smell decay.
You feel extremely nervous for a moment...
Pain shoots through your body!
You feel extremely nervous for a moment...
You are engulfed in negative energy!
You resist.
You feel extremely nervous for a moment...
Pain shoots through your body!!
You die... #.....!# .. #^.....#.^. #¤s..((#.. +¤sMsMZB9

#¤MBsM.#
#^¤?.¤.#
#¤¤¤¤¤M#
#MM@¤..#
#¤¤¤$..#
#¤.¤¤..#
########


You could see 2 royal mummies, 4 emperor scorpions, a mummy priest, a guardian
mummy, a death scarab (summoned), 3 mummies and an iron dragon skeleton
(summoned).

Vanquished Creatures
  3 dread liches
  Khufu (Crypt:2)
  Mennas (Vaults:5)
  16 royal mummies
  Bai Suzhen (Vaults:4)
  Saint Roka (Orc:2)
  Margery (Crypt:1)
  Xtahua (Crypt:3)
  9 golden dragons
  Nikola (Swamp:1)
  A bone dragon (Crypt:3)
  2 profane servitors (Crypt:3)
  A doom hound (Crypt:1)
  An electric golem (Zot:3)
  Asterion (Spider:2)
  14 titans
  Rupert (Lair:3)
  12 tentacled monstrosities
  2 liches
  8 quicksilver dragons
  9 deep elf master archers
  5 ancient champions
  A tentacled starspawn (Abyss:2)
  14 sphinxes
  A thorn hunter (Swamp:4)
  5 tengu reavers
  Kirke (Swamp:1)
  Frances (D:14)
  5 revenants
  6 death cobs
  12 storm dragons
  Donald (Spider:4)
  13 shadow dragons
  2 fenstrider witches
  8 draconian monks
  Roxanne (D:14)
  3 draconian knights
  5 emperor scorpions
  A deep elf sorcerer (Vaults:4)
  3 iron dragons
  11 frost giants
  21 fire giants
  3 caustic shrike zombies (Crypt:3)
  11 ghost moths
  5 ghouls (Crypt:3)
  A balrug (Depths:4)
  6 draconian scorchers
  An orc warlord (Vaults:4)
  13 vault wardens
  26 ironbound preservers
  6 draconian shifters
  4 draconian stormcallers
  2 curse skulls (Crypt:2)
  A war gargoyle (Vaults:4)
  3 draconian annihilators
  20 stone giants
  33 very ugly things
  5 broodmothers
  A spriggan defender (Depths:3)
  2 reapers
  15 green draconians
  8 bennus
  4 bunyips
  Azrael (D:14)
  4 vampire knights
  A putrid mouth (Crypt:1)
  3 eleionomae
  8 ironbound thunderhulks
  18 white draconians
  11 black draconians
  2 deep elf demonologists
  13 purple draconians
  5 spark wasps
  11 red draconians
  17 yellow draconians
  A deep elf annihilator (Vaults:5)
  31 dire elephants
  23 mummy priests
  A green death (Depths:2)
  15 eidola
  2 shambling mangroves
  Snorg (Lair:5)
  A crystal guardian (Vaults:2)
  Josephine (Lair:3)
  A deep elf death mage (Crypt:1)
  A merfolk impaler (Depths:2)
  13 ettins
  5 fire dragons
  15 yaktaur captains
  6 entropy weavers
  3 jiangshi
  7 great orbs of eyes
  5 ice dragons
  5 deep elf high priests (Vaults:5)
  20 hydras
  A spectral shadow dragon (Crypt:1)
  4 spriggan zombies
  A ghost crab (Swamp:3)
  4 hell beasts (Crypt:1)
  Erolcha (Orc:2)
  2 jorogumos (Spider:2)
  A peacekeeper (Vaults:2)
  32 vault guards
  5 death knights
  4 catoblepae
  2 fenstrider witch skeletons
  3 ogre magi
  7 spriggan air magi
  9 centaur warriors
  12 ironbound frosthearts
  10 boulder beetles
  An azure jelly zombie (Crypt:1)
  2 radroaches
  A two-headed ogre (shapeshifter) (Vaults:5)
  6 death yaks (Lair:5)
  8 two-headed ogres
  2 spriggan skeletons (Crypt:1)
  7 alligators
  8 deep troll earth magi
  9 deep troll shamans
  A titan zombie (Crypt:3)
  17 death scarabs
  3 hell hogs (Depths:4)
  Urug (Lair:2)
  5 vampire magi
  3 orc high priests (Orc:2)
  9 tengu warriors
  3 soul eaters
  4 sun demons
  2 titan skeletons
  6 deep elf knights
  4 spriggan berserkers
  36 skeletal warriors
  2 large abominations (Abyss:2)
  7 iron trolls
  2 wretched stars (Abyss:2)
  3 shadow wraiths (Crypt:1)
  71 deep trolls
  14 hell knights
  3 pharaoh ants
  8 goliath frogs
  A spriggan simulacrum (Crypt:1)
  8 orb spiders
  A bunyip zombie (Crypt:1)
  2 spriggan druids (Swamp:4)
  3 glowing orange brains
  A spectral hydra (Crypt:1)
  2 anaconda zombies
  4 steelbarb worms
  8 flayed ghosts
  11 deep elf archers
  24 phantasmal warriors
  An orange crystal statue (D:9)
  6 bog bodies
  2 spectral iron dragons (Crypt:1)
  A steelbarb worm (shapeshifter) (Depths:4)
  20 swamp dragons
  An anaconda skeleton (Crypt:2)
  A wolf spider zombie (D:13)
  A harpy (shapeshifter) (Vaults:3)
  15 necromancers
  A fenstrider witch simulacrum (Crypt:1)
  6 wizards
  12 orc knights
  22 ironbound convokers
  15 harpies
  38 ugly things
  9 deep elf pyromancers
  7 lindwurms
  Pikel (D:5)
  A mana viper (shapeshifter) (D:13)
  4 orc sorcerers (Orc:2)
  5 deep elf zephyrmancers
  23 wolf spiders
  3 stone giant zombies
  2 salamanders (shapeshifter) (Lair:4)
  6 cyclopes
  A worldbinder (Abyss:2)
  7 will-o-the-wisps
  16 moths of wrath
  6 manticores
  A moth of wrath (shapeshifter) (Depths:2)
  14 elephants
  8 black mambas
  An elephant (shapeshifter) (Depths:1)
  2 naga zombies
  Maurice (D:8)
  An apocalypse crab (Abyss:2)
  4 smoke demons
  Joseph (D:10)
  2 dire elephant skeletons
  3 rust devils
  17 cane toads
  14 centaur zombies
  3 unseen horrors
  28 vault sentinels
  3 torpor snails
  2 gargoyles
  An elephant slug zombie (Crypt:1)
  2 orange demons (Depths:2)
  3 kobold demonologists
  An unseen horror (shapeshifter) (Lair:4)
  2 hellions
  2 rime drakes
  5 centaur skeletons
  A naga skeleton (Crypt:2)
  4 komodo dragons
  Psyche (D:8)
  10 freezing wraiths
  An alligator snapping turtle skeleton (Crypt:2)
  4 hellwings
  9 demonic crawlers
  2 tormentors (Crypt:1)
  5 tengu conjurers
  A spectral naga (Crypt:1)
  7 trolls
  37 guardian mummies
  2 spectral harpies (Crypt:1)
  32 yaktaurs
  4 harpy zombies
  An ice devil (Depths:2)
  A polar bear (Lair:1)
  21 slime creatures
  A bloated husk (Swamp:3)
  11 tyrant leeches
  17 hornets
  2 harpy skeletons
  21 tarantellas
  6 blink frogs
  3 raiju (Abyss:2)
  A meliai zombie (D:13)
  24 jumping spiders
  A human simulacrum (Crypt:1)
  36 flying skulls
  A jumping spider (shapeshifter) (D:13)
  An ettin zombie (Crypt:3)
  2 centaur simulacra
  9 water elementals
  14 starcursed masses (Abyss:2)
  3 ynoxinuls
  A shadow (Crypt:3)
  14 spriggans
  17 culicivoras
  4 fire elementals (D:14)
  4 ushabtiu
  12 wraiths
  4 basilisks
  2 fire bats (Abyss:2)
  A vampire (D:10)
  9 wyverns
  An alligator snapping turtle simulacrum (Crypt:2)
  3 steam dragons
  3 humans (Swamp:1)
  3 chaos spawn
  64 yaks
  12 swamp worms
  Menkaure (D:5)
  57 redbacks
  21 vampire mosquitoes
  A harpy simulacrum (Crypt:1)
  A warg (Orc:1)
  2 hell hounds (D:14)
  A glowing shapeshifter skeleton (Crypt:2)
  2 acid dragons
  20 water moccasins
  6 small abominations (Abyss:2)
  2 floating eyes
  25 orc warriors
  An ice beast (D:8)
  2 sky beasts (D:7)
  8 swamp drakes (Swamp:4)
  2 ice dragon simulacra (Crypt:1)
  2 boggarts
  12 centaurs
  3 ogres
  11 wolves
  2 phantoms (D:6)
  An elephant skeleton (Crypt:2)
  5 kobold brigands
  17 necrophages
  13 bullfrogs
  A scorpion (D:4)
  2 gnoll sergeants (D:10)
  A naga simulacrum (Crypt:1)
  7 wyvern skeletons (Crypt:3)
  10 wights
  A warg skeleton (Crypt:2)
  10 killer bees
  3 howler monkeys
  2 electric eels
  A human zombie (Crypt:1)
  4 jellies
  20 orc priests
  A hound (D:6)
  A gnoll bouda (D:8)
  2 iguanas
  2 iron imps
  A black bear skeleton (Crypt:2)
  2 boggart zombies
  26 orc wizards
  A boggart skeleton (D:13)
  An ogre skeleton (Crypt:1)
  A tengu skeleton (Crypt:2)
  A howler monkey zombie (D:10)
  25 mummies
  17 adders
  11 gnolls
  6 white imps
  2 ufetubi
  A worm (D:2)
  3 dart slugs
  51 orcs
  7 bats
  An endoplasm (D:2)
  2 giant cockroaches
  8 goblins
  6 hobgoblins
  3 jackals (D:1)
  20 kobolds
  4 quokkas
  4 ball pythons
  2 frilled lizards (D:2)
  A goblin zombie (Crypt:1)
  4 rats
2340 creatures vanquished.

Vanquished Creatures (collateral kills)
  10 royal mummies
  A lich (Crypt:2)
  2 ancient champions
  3 revenants
  2 frost giants
  A ghoul (Crypt:2)
  A green draconian (Crypt:1)
  A vampire knight (Crypt:2)
  3 stone giants
  A white draconian (Tomb:1)
  3 bennus
  3 black draconians
  A yellow draconian (Crypt:1)
  A purple draconian (Crypt:1)
  5 mummy priests
  A vampire mage (Crypt:1)
  3 death scarabs
  A deep elf knight (Tomb:1)
  2 skeletal warriors
  A phantasmal warrior (Crypt:1)
  A deep elf pyromancer (Crypt:2)
  7 guardian mummies
  A red draconian skeleton (Crypt:1)
  A naga skeleton (Tomb:2)
  13 mummies
  An orc zombie (Crypt:1)
70 creatures vanquished.

Vanquished Creatures (others)
  A storm dragon (Zot:4)
  2 frost giants (Tomb:1)
  A bennu (Tomb:1)
  An alligator (Swamp:3)
  A starcursed mass (Abyss:2)
  A wizard (Vaults:1)
  A swamp dragon (Swamp:3)
  A deep elf pyromancer (Crypt:2)
  A hornet (Depths:3)
  6 bloated husks
  20 foxfires
  13 fungi
  50 plants
  39 withered plants
138 creatures vanquished.

Grand Total: 2548 creatures vanquished

Notes
Turn   | Place    | Note
-------+----------+-------------------------------------------
     0 | D:1      | qw the Gargoyle Fighter began the quest for the Orb.
     0 | D:1      | Reached XP level 1. HP: 14/14 MP: 1/1
     0 | D:1      | 0 ||| qw: Version: 0.2-a-10-g37ed214
     0 | D:1      | 0 ||| qw: Game counter: 736
     0 | D:1      | 0 ||| qw: Always use a shield: true
     0 | D:1      | 0 ||| qw: God list: Okawaru
     0 | D:1      | 0 ||| qw: Allow faded altars: false
     0 | D:1      | 0 ||| qw: Do Orc after D:15 true
     0 | D:1      | 0 ||| qw: Do second Lair branch before Depths: true
     0 | D:1      | 0 ||| qw: Lair rune preference: random
     0 | D:1      | 0 ||| qw: Plans: Normal, Zot:1-4, God:TSO, Crypt, Tomb,
                  | Pan, Slime:5, Hells, Abyss, Orb
     0 | D:1      | 0 ||| PLANNING D:1-11
   523 | D:1      | Reached XP level 2. HP: 19/19 MP: 2/2
   625 | D:1      | 625 ||| Stepping ~*~*~tactically~*~*~ (hiding).
   782 | D:1      | 782 ||| Stepping ~*~*~tactically~*~*~ (stealth).
  1055 | D:1      | 1055 ||| UPGRADING to +0 plate armour.
  1065 | D:1      | 1065 ||| DROPPING +0 scale mail.
  1066 | D:1      | 1066 ||| READING 2 scrolls labelled WULATHR POSA.
  1067 | D:1      | 1067 ||| READING scroll of enchant weapon.
  1067 | D:1      | 1067 ||| ENCHANTING +1 war axe.
  1068 | D:1      | 1068 ||| READING 3 scrolls labelled LELACE MEACRO.
  1073 | D:1      | 1073 ||| READING 3 scrolls labelled CEEDYE VETZIVIA.
  1074 | D:1      | 1074 ||| READING scroll labelled RURU DUR TIEQ.
  1075 | D:1      | 1075 ||| READING scroll labelled DUGREBBUPHE.
  1076 | D:1      | 1076 ||| DROPPING 2 scrolls of summoning.
  1179 | D:2      | 1179 ||| DROPPING +0 club.
  1195 | D:2      | Reached skill level 3 in Axes
  1286 | D:2      | Reached XP level 3. HP: 23/23 MP: 3/3
  1710 | D:2      | Reached XP level 4. HP: 28/28 MP: 4/4
  1983 | D:2      | 1983 ||| DROPPING +0 chain mail of willpower.
  1984 | D:2      | 1984 ||| UPGRADING to amulet of reflection.
  1989 | D:2      | 1989 ||| READING 2 scrolls labelled MUATHA QIQAACI.
  1990 | D:2      | 1990 ||| READING 4 scrolls of identify.
  1990 | D:2      | 1990 ||| IDENTIFYING silvery potion
  1991 | D:2      | 1991 ||| READING 3 scrolls of identify.
  1991 | D:2      | 1991 ||| IDENTIFYING murky orange potion
  1992 | D:2      | 1992 ||| READING 2 scrolls of identify.
  1992 | D:2      | 1992 ||| IDENTIFYING golden potion
  1993 | D:2      | 1993 ||| DROPPING scroll of fear.
  1994 | D:2      | 1994 ||| DROPPING potion of flight.
  2038 | D:3      | Found a transporter.
  2207 | D:3      | Found a faded altar of an unknown god.
  2330 | D:3      | Found a transporter.
  2386 | D:3      | Found a shimmering altar of Xom.
  2423 | D:3      | 2423 ||| READING scroll labelled USERIGH JYANEAPHE.
  2478 | D:4      | 2478 ||| Stepping ~*~*~tactically~*~*~ (stealth).
  2516 | D:4      | 2516 ||| Stepping ~*~*~tactically~*~*~ (stealth).
  2525 | D:4      | Noticed a scorpion
  2528 | D:4      | 2528 ||| FLEEEEING.
  2531 | D:4      | 2531 ||| FLEEEEING.
  2534 | D:4      | 2534 ||| STAIRDANCE
  2566 | D:3      | 2566 ||| UPGRADING to +0 helmet.
  2618 | D:4      | Reached XP level 5. HP: 32/32 MP: 5/5
  2626 | D:4      | 2626 ||| Stepping ~*~*~tactically~*~*~ (stealth).
  2663 | D:4      | 2663 ||| READING scroll of enchant weapon.
  2663 | D:4      | 2663 ||| ENCHANTING +2 war axe.
  2679 | D:4      | 2679 ||| READING scroll of enchant weapon.
  2679 | D:4      | 2679 ||| ENCHANTING +3 war axe.
  2924 | D:4      | 2924 ||| Stepping ~*~*~tactically~*~*~ (stealth).
  2925 | D:4      | 2925 ||| Stepping ~*~*~tactically~*~*~ (stealth).
  3056 | D:4      | Reached XP level 6. HP: 37/37 MP: 6/6
  3202 | D:4      | 3202 ||| DROPPING amulet of regeneration.
  3203 | D:4      | 3203 ||| DRINKING 2 fuming green potions.
  3204 | D:4      | 3204 ||| READING 2 scrolls of identify.
  3204 | D:4      | 3204 ||| IDENTIFYING fizzy white potion
  3205 | D:4      | 3205 ||| DROPPING potion of invisibility.
  3206 | D:4      | 3206 ||| DROPPING potion of degeneration.
  3228 | D:5      | Entered Level 5 of the Dungeon
  3405 | D:5      | Noticed Pikel
  3422 | D:5      | Killed Pikel
  3423 | D:5      | Reached skill level 6 in Fighting
  3423 | D:5      | Reached XP level 7. HP: 27/47 MP: 7/7
  3554 | D:5      | 3554 ||| DROPPING +0 whip.
  3761 | D:5      | Reached skill level 6 in Axes
  3761 | D:5      | Noticed Menkaure
  3770 | D:5      | Killed Menkaure
  3771 | D:5      | Reached XP level 8. HP: 27/52 MP: 8/8
  3993 | D:5      | 3993 ||| Stepping ~*~*~tactically~*~*~ (hiding).
  3994 | D:5      | 3994 ||| Stepping ~*~*~tactically~*~*~ (hiding).
  4014 | D:5      | 4014 ||| Stepping ~*~*~tactically~*~*~ (hiding).
  4187 | D:5      | 4187 ||| Stepping ~*~*~tactically~*~*~ (hiding).
  4473 | D:5      | 4473 ||| READING scroll labelled NOOREF KEUFE.
  4474 | D:5      | 4474 ||| READING scroll labelled ECIBLENN SOJE.
  4475 | D:5      | 4475 ||| DROPPING potion of berserk rage.
  4577 | D:6      | You fall into a shaft and drop 1 floor!
  4638 | D:7      | 4638 ||| UPGRADING to +4 ring of slaying {mikee}.
  4712 | D:6      | 4712 ||| READING scroll of enchant weapon.
  4712 | D:6      | 4712 ||| ENCHANTING +4 vorpal war axe.
  4858 | D:6      | Reached skill level 1 in Dodging
  4863 | D:6      | 4863 ||| Stepping ~*~*~tactically~*~*~ (hiding).
  4869 | D:6      | 4869 ||| Stepping ~*~*~tactically~*~*~ (hiding).
  4875 | D:6      | 4875 ||| Stepping ~*~*~tactically~*~*~ (hiding).
  4989 | D:6      | Identified the +8 shortbow "Mifalaic" {flame, Str+6 Dex-4}
  5003 | D:6      | Reached skill level 1 in Throwing
  5075 | D:6      | 5075 ||| Stepping ~*~*~tactically~*~*~ (stealth).
  5092 | D:6      | 5092 ||| Stepping ~*~*~tactically~*~*~ (stealth).
  5093 | D:6      | 5093 ||| Stepping ~*~*~tactically~*~*~ (stealth).
  5117 | D:6      | Noticed a yak
  5119 | D:6      | Noticed a yak
  5121 | D:6      | Noticed a yak
  5123 | D:6      | Killed a yak
  5130 | D:6      | Killed a yak
  5131 | D:6      | Reached XP level 9. HP: 35/56 MP: 9/9
  5299 | D:6      | 5299 ||| DROPPING +0 whip of flaming.
  5517 | D:6      | 5517 ||| READING scroll labelled YDEZEY LORPH.
  5518 | D:6      | 5518 ||| READING 2 scrolls of identify.
  5518 | D:6      | 5518 ||| IDENTIFYING bubbling grey potion
  5581 | D:7      | 5581 ||| Stepping ~*~*~tactically~*~*~ (hiding).
  5597 | D:7      | 5597 ||| Stepping ~*~*~tactically~*~*~ (stealth).
  5608 | D:7      | Found a staircase to the Ecumenical Temple.
  5609 | D:7      | 5609 ||| PLANNING TEMPLE
  5617 | Temple   | Entered the Ecumenical Temple
  5763 | Temple   | 5763 ||| PLANNING OKAWARU WORSHIP
  5884 | Temple   | Became a worshipper of Warmaster Okawaru
  5885 | Temple   | 5885 ||| PLANNING D:1-11
  6085 | D:7      | 6085 ||| Stepping ~*~*~tactically~*~*~ (hiding).
  6267 | D:7      | Reached skill level 9 in Axes
  6342 | D:7      | 6342 ||| Stepping ~*~*~tactically~*~*~ (hiding).
  6463 | D:7      | 6463 ||| DROPPING +0 flail.
  6482 | D:7      | 6482 ||| READING scroll of enchant weapon.
  6482 | D:7      | 6482 ||| ENCHANTING +5 vorpal war axe.
  6621 | D:7      | 6621 ||| UPGRADING to +0 pair of boots.
  6626 | D:7      | 6626 ||| DROPPING amulet of faith.
  6627 | D:7      | 6627 ||| READING scroll labelled HIRO BAWIERAORR.
  6702 | D:8      | 6702 ||| Stepping ~*~*~tactically~*~*~ (hiding).
  6707 | D:8      | 6707 ||| Stepping ~*~*~tactically~*~*~ (stealth).
  6716 | D:8      | Reached * piety under Okawaru
  6792 | D:8      | 6792 ||| Stepping ~*~*~tactically~*~*~ (hiding).
  6798 | D:8      | 6798 ||| INVOKING Heroism.
  6890 | D:8      | Reached skill level 6 in Armour
  6890 | D:8      | Reached skill level 1 in Invocations
  6894 | D:8      | Reached skill level 7 in Fighting
  6991 | D:8      | Found Kuotedip's Distillery.
  6994 | D:8      | 6994 ||| BUYING potion of curing (42 gold).
  6994 | D:8      | Bought a potion of curing for 42 gold pieces
  6994 | D:8      | 6994 ||| BUYING potion of curing (42 gold).
  6994 | D:8      | Bought a potion of curing for 42 gold pieces
  6994 | D:8      | 6994 ||| BUYING potion of curing (42 gold).
  6994 | D:8      | Bought a potion of curing for 42 gold pieces
  6994 | D:8      | 6994 ||| BUYING potion of haste (140 gold).
  6994 | D:8      | Bought a potion of haste for 140 gold pieces
  6994 | D:8      | 6994 ||| BUYING potion of heal wounds (70 gold).
  6994 | D:8      | Bought a potion of heal wounds for 70 gold pieces
  6994 | D:8      | 6994 ||| BUYING potion of lignification (42 gold).
  6994 | D:8      | Bought a potion of lignification for 42 gold pieces
  6994 | D:8      | 6994 ||| SHOPLISTING potion of mutation (112 gold, have
                  | 86).
  7001 | D:8      | 7001 ||| INVOKING Heroism.
  7020 | D:8      | Noticed Maurice
  7026 | D:8      | Killed Maurice
  7027 | D:8      | Reached skill level 3 in Invocations
  7141 | D:8      | Found a snail-covered altar of Cheibriados.
  7144 | D:8      | 7144 ||| Stepping ~*~*~tactically~*~*~ (stealth).
  7148 | D:8      | 7148 ||| Stepping ~*~*~tactically~*~*~ (stealth).
  7155 | D:8      | Reached XP level 10. HP: 63/63 MP: 12/12
  7159 | D:8      | 7159 ||| Stepping ~*~*~tactically~*~*~ (stealth).
  7172 | D:8      | 7172 ||| Stepping ~*~*~tactically~*~*~ (stealth).
  7289 | D:8      | Reached ** piety under Okawaru
  7302 | D:8      | Found a broken altar of Ashenzari.
  7375 | D:8      | Noticed Psyche
  7376 | D:8      | 7376 ||| INVOKING Heroism.
  7387 | D:8      | Killed Psyche
  7445 | D:8      | Found an ornate altar of the Wu Jian Council.
  7566 | D:8      | 7566 ||| UPGRADING to +0 cloak.
  7571 | D:8      | 7571 ||| DRINKING 2 amethyst potions.
  7572 | D:8      | 7572 ||| DRINKING 2 lumpy purple potions.
  7573 | D:8      | 7573 ||| READING 2 scrolls of identify.
  7573 | D:8      | 7573 ||| IDENTIFYING bubbling silvery potion
  7574 | D:8      | 7574 ||| DROPPING potion of brilliance.
  7606 | D:9      | Noticed an orange crystal statue
  7607 | D:9      | 7607 ||| DRINKING 9 potions of curing.
  7607 | D:9      | 7607 ||| (to cure confusion)
  7608 | D:9      | 7608 ||| INVOKING Heroism.
  7616 | D:9      | 7616 ||| DRINKING 8 potions of curing.
  7616 | D:9      | 7616 ||| (to cure confusion)
  7619 | D:9      | 7619 ||| DRINKING 7 potions of curing.
  7619 | D:9      | 7619 ||| (to cure confusion)
  7639 | D:9      | HP: 15/64 [orc warrior/+0 glaive[an orange crystal statue]
                  | (11)]
  7640 | D:9      | 7640 ||| READING 5 scrolls of teleportation.
  7641 | D:9      | 7641 ||| DRINKING 2 potions of heal wounds.
  7826 | D:9      | 7826 ||| INVOKING Heroism.
  7861 | D:9      | 7861 ||| Stepping ~*~*~tactically~*~*~ (hiding).
  7862 | D:9      | 7862 ||| Stepping ~*~*~tactically~*~*~ (stealth).
  7864 | D:9      | 7864 ||| INVOKING Heroism.
  7870 | D:9      | Reached skill level 8 in Fighting
  7882 | D:9      | 7882 ||| Stepping ~*~*~tactically~*~*~ (hiding).
  7885 | D:9      | 7885 ||| Stepping ~*~*~tactically~*~*~ (hiding).
  7886 | D:9      | 7886 ||| INVOKING Heroism.
  7899 | D:9      | 7899 ||| Stepping ~*~*~tactically~*~*~ (hiding).
  7945 | D:9      | 7945 ||| Stepping ~*~*~tactically~*~*~ (stealth).
  8028 | D:9      | 8028 ||| Stepping ~*~*~tactically~*~*~ (stealth).
  8029 | D:9      | 8029 ||| INVOKING Heroism.
  8099 | D:9      | Found a staircase to the Orcish Mines.
  8139 | D:9      | Found a white marble altar of Elyvilon.
  8140 | D:9      | 8140 ||| Stepping ~*~*~tactically~*~*~ (hiding).
  8149 | D:9      | 8149 ||| Stepping ~*~*~tactically~*~*~ (stealth).
  8240 | D:9      | 8240 ||| Stepping ~*~*~tactically~*~*~ (stealth).
  8257 | D:9      | Found a hide-covered altar of Uskayaw.
  8258 | D:9      | 8258 ||| Stepping ~*~*~tactically~*~*~ (hiding).
  8289 | D:9      | 8289 ||| FLEEEEING.
  8290 | D:9      | 8290 ||| DRINKING 6 potions of curing.
  8290 | D:9      | 8290 ||| (to cure confusion)
  8298 | D:9      | 8298 ||| INVOKING Heroism.
  8348 | D:9      | 8348 ||| DRINKING 5 potions of curing.
  8348 | D:9      | 8348 ||| (to cure confusion)
  8424 | D:9      | 8424 ||| DRINKING 4 potions of curing.
  8424 | D:9      | 8424 ||| (to cure confusion)
  8425 | D:9      | 8425 ||| DRINKING 3 potions of curing.
  8425 | D:9      | 8425 ||| (to cure confusion)
  8466 | D:9      | 8466 ||| INVOKING Heroism.
  8527 | D:9      | 8527 ||| Stepping ~*~*~tactically~*~*~ (hiding).
  8538 | D:9      | 8538 ||| INVOKING Heroism.
  8546 | D:9      | 8546 ||| Stepping ~*~*~tactically~*~*~ (stealth).
  8562 | D:9      | Reached *** piety under Okawaru
  8565 | D:9      | Noticed a two-headed ogre
  8566 | D:9      | 8566 ||| Stepping ~*~*~tactically~*~*~ (stealth).
  8568 | D:9      | 8568 ||| INVOKING Heroism.
  8579 | D:9      | Killed a two-headed ogre
  8580 | D:9      | Reached XP level 11. HP: 59/68 MP: 12/14
  8598 | D:9      | 8598 ||| INVOKING Heroism.
  8600 | D:9      | 8600 ||| Stepping ~*~*~tactically~*~*~ (cloud).
  8601 | D:9      | 8601 ||| READING 2 scrolls of identify.
  8601 | D:9      | 8601 ||| IDENTIFYING viscous clear potion
  8602 | D:9      | 8602 ||| Stepping ~*~*~tactically~*~*~ (cloud).
  8609 | D:9      | 8609 ||| INVOKING Heroism.
  8628 | D:9      | 8628 ||| INVOKING Heroism.
  8639 | D:9      | Noticed a boulder beetle
  8644 | D:9      | HP: 8/69 [boulder beetle (14)]
  8645 | D:9      | 8645 ||| READING 4 scrolls of teleportation.
  8646 | D:9      | 8646 ||| DRINKING potion of heal wounds.
  8706 | D:9      | 8706 ||| Stepping ~*~*~tactically~*~*~ (stealth).
  8710 | D:9      | 8710 ||| Stepping ~*~*~tactically~*~*~ (stealth).
  8738 | D:9      | 8738 ||| Stepping ~*~*~tactically~*~*~ (stealth).
  8739 | D:9      | 8739 ||| INVOKING Heroism.
  8750 | D:9      | Killed a boulder beetle
  8751 | D:9      | Reached skill level 9 in Fighting
  8862 | D:9      | 8862 ||| INVOKING Heroism.
  8897 | D:9      | 8897 ||| Stepping ~*~*~tactically~*~*~ (stealth).
  8899 | D:9      | 8899 ||| INVOKING Heroism.
  9025 | D:9      | Found a shimmering blue altar of Sif Muna.
  9050 | D:9      | 9050 ||| INVOKING Heroism.
  9058 | D:9      | 9058 ||| DRINKING 2 potions of curing.
  9058 | D:9      | 9058 ||| (to cure confusion)
  9060 | D:9      | 9060 ||| DRINKING potion of curing.
  9060 | D:9      | 9060 ||| (to cure confusion)
  9063 | D:9      | Noticed a two-headed ogre
  9072 | D:9      | 9072 ||| INVOKING Heroism.
  9080 | D:9      | Noticed a two-headed ogre
  9080 | D:9      | Noticed a manticore
  9087 | D:9      | HP: 17/71 [yak[an orange crystal statue] (2)]
  9089 | D:9      | HP: 8/71 [yak[an orange crystal statue] (1)]
  9091 | D:9      | 9091 ||| READING 3 scrolls of teleportation.
  9094 | D:9      | HP: 6/71 [yak[an orange crystal statue] (3)]
  9176 | D:9      | 9176 ||| FLEEEEING.
  9177 | D:9      | 9177 ||| FLEEEEING.
  9178 | D:9      | 9178 ||| FLEEEEING.
  9179 | D:9      | 9179 ||| FLEEEEING.
  9180 | D:9      | 9180 ||| FLEEEEING.
  9181 | D:9      | 9181 ||| FLEEEEING.
  9182 | D:9      | 9182 ||| STAIRDANCE
  9416 | D:8      | 9416 ||| DROPPING potion of ambrosia.
  9513 | D:9      | 9513 ||| INVOKING Heroism.
  9643 | D:9      | 9643 ||| INVOKING Heroism.
  9694 | D:9      | 9694 ||| FLEEEEING.
  9695 | D:9      | 9695 ||| FLEEEEING.
  9705 | D:9      | 9705 ||| STAIRDANCE
  9846 | D:9      | 9846 ||| INVOKING Heroism.
  9864 | D:9      | Killed an orange crystal statue
 10085 | D:9      | 10085 ||| Stepping ~*~*~tactically~*~*~ (stealth).
 10181 | D:9      | Noticed a centaur warrior
 10181 | D:9      | 10181 ||| Stepping ~*~*~tactically~*~*~ (hiding).
 10182 | D:9      | 10182 ||| Stepping ~*~*~tactically~*~*~ (hiding).
 10338 | D:9      | 10338 ||| Stepping ~*~*~tactically~*~*~ (stealth).
 10339 | D:9      | 10339 ||| Stepping ~*~*~tactically~*~*~ (stealth).
 10400 | D:9      | 10400 ||| DROPPING +2 flail of protection.
 10405 | D:9      | 10405 ||| Stepping ~*~*~tactically~*~*~ (hiding).
 10428 | D:9      | 10428 ||| Stepping ~*~*~tactically~*~*~ (stealth).
 10430 | D:9      | 10430 ||| Stepping ~*~*~tactically~*~*~ (stealth).
 10432 | D:9      | 10432 ||| Stepping ~*~*~tactically~*~*~ (stealth).
 10434 | D:9      | 10434 ||| Stepping ~*~*~tactically~*~*~ (hiding).
 10435 | D:9      | 10435 ||| Stepping ~*~*~tactically~*~*~ (hiding).
 10436 | D:9      | 10436 ||| Stepping ~*~*~tactically~*~*~ (hiding).
 10440 | D:9      | 10440 ||| INVOKING Heroism.
 10445 | D:9      | Killed a centaur warrior
 10445 | D:9      | Reached **** piety under Okawaru
 10446 | D:9      | Reached skill level 12 in Axes
 10619 | D:9      | Noticed a two-headed ogre
 10620 | D:9      | 10620 ||| INVOKING Heroism.
 10629 | D:9      | Killed a two-headed ogre
 10671 | D:9      | Noticed a catoblepas
 10672 | D:9      | 10672 ||| Stepping ~*~*~tactically~*~*~ (hiding).
 10676 | D:9      | 10676 ||| INVOKING Heroism.
 10683 | D:9      | Killed a catoblepas
 10798 | D:9      | 10798 ||| UPGRADING to +2 cloak of preservation.
 10808 | D:9      | 10808 ||| DROPPING +0 cloak.
 10827 | D:10     | Entered Level 10 of the Dungeon
 10828 | D:10     | 10828 ||| STAIRDANCE
 10842 | D:10     | 10842 ||| INVOKING Heroism.
 10845 | D:10     | Reached skill level 9 in Armour
 11223 | D:10     | Reached ***** piety under Okawaru
 11254 | D:10     | Found a basalt altar of Yredelemnul.
 11318 | D:10     | 11318 ||| Stepping ~*~*~tactically~*~*~ (stealth).
 11330 | D:10     | Reached skill level 6 in Invocations
 11343 | D:10     | Noticed a two-headed ogre
 11343 | D:10     | Noticed Joseph
 11344 | D:10     | 11344 ||| Stepping ~*~*~tactically~*~*~ (hiding).
 11351 | D:10     | 11351 ||| INVOKING Heroism.
 11361 | D:10     | Killed Joseph
 11363 | D:10     | Killed a two-headed ogre
 11363 | D:10     | Received a gift from Okawaru
 11364 | D:10     | Reached XP level 12. HP: 62/76 MP: 14/17
 11372 | D:10     | 11372 ||| Stepping ~*~*~tactically~*~*~ (stealth).
 11460 | D:10     | 11460 ||| Stepping ~*~*~tactically~*~*~ (hiding).
 11462 | D:10     | 11462 ||| Stepping ~*~*~tactically~*~*~ (hiding).
 11570 | D:10     | 11570 ||| INVOKING Heroism.
 11626 | D:10     | Identified the +1 war axe "Rutin" {freeze, *Corrode Str+6
                  | Dex-4} (Okawaru gifted it to you on level 10 of the
                  | Dungeon)
 11626 | D:10     | Received a gift from Okawaru
 11627 | D:10     | Reached skill level 6 in Shields
 11633 | D:10     | 11633 ||| DROPPING +1 war axe "Rutin" {freeze, *Corrode
                  | Str+6 Dex-4}.
 11680 | D:10     | 11680 ||| Stepping ~*~*~tactically~*~*~ (hiding).
 11689 | D:10     | 11689 ||| INVOKING Heroism.
 11741 | D:10     | 11741 ||| INVOKING Heroism.
 11875 | D:10     | 11875 ||| SWAPPING to +0 broad axe.
 11883 | D:10     | 11883 ||| Stepping ~*~*~tactically~*~*~ (stealth).
 11893 | D:10     | 11893 ||| Stepping ~*~*~tactically~*~*~ (stealth).
 11897 | D:10     | 11897 ||| DROPPING +6 vorpal war axe.
 11934 | D:10     | 11934 ||| FLEEEEING.
 11935 | D:10     | 11935 ||| FLEEEEING.
 11936 | D:10     | 11936 ||| FLEEEEING.
 11937 | D:10     | 11937 ||| FLEEEEING.
 11938 | D:10     | 11938 ||| FLEEEEING.
 11944 | D:10     | 11944 ||| FLEEEEING.
 11945 | D:10     | 11945 ||| FLEEEEING.
 11946 | D:10     | 11946 ||| FLEEEEING.
 11947 | D:10     | 11947 ||| FLEEEEING.
 11948 | D:10     | 11948 ||| FLEEEEING.
 11949 | D:10     | 11949 ||| FLEEEEING.
 11950 | D:10     | 11950 ||| FLEEEEING.
 11951 | D:10     | 11951 ||| FLEEEEING.
 11952 | D:10     | 11952 ||| FLEEEEING.
 11953 | D:10     | 11953 ||| STAIRDANCE
 12019 | D:9      | 12019 ||| READING 3 scrolls of identify.
 12019 | D:9      | 12019 ||| IDENTIFYING purple potion
 12055 | D:10     | Noticed a two-headed ogre
 12061 | D:10     | Killed a two-headed ogre
 12062 | D:10     | Reached skill level 10 in Fighting
 12070 | D:10     | 12070 ||| FLEEEEING.
 12182 | D:10     | 12182 ||| Stepping ~*~*~tactically~*~*~ (stealth).
 12364 | D:11     | 12364 ||| Stepping ~*~*~tactically~*~*~ (stealth).
 12371 | D:11     | 12371 ||| INVOKING Heroism.
 12457 | D:11     | Noticed a two-headed ogre
 12458 | D:11     | 12458 ||| Stepping ~*~*~tactically~*~*~ (stealth).
 12460 | D:11     | 12460 ||| Stepping ~*~*~tactically~*~*~ (stealth).
 12468 | D:11     | 12468 ||| Stepping ~*~*~tactically~*~*~ (stealth).
 12474 | D:11     | Reached skill level 3 in Throwing
 12477 | D:11     | 12477 ||| INVOKING Heroism.
 12481 | D:11     | Killed a two-headed ogre
 12482 | D:11     | Reached skill level 9 in Invocations
 12496 | D:11     | Received a gift from Okawaru
 12535 | D:11     | 12535 ||| Stepping ~*~*~tactically~*~*~ (stealth).
 12536 | D:11     | 12536 ||| Stepping ~*~*~tactically~*~*~ (stealth).
 12591 | D:11     | 12591 ||| DROPPING +6 vorpal war axe.
 12593 | D:11     | 12593 ||| Stepping ~*~*~tactically~*~*~ (stealth).
 12604 | D:11     | Found a staircase to the Lair.
 12614 | D:11     | 12614 ||| Stepping ~*~*~tactically~*~*~ (stealth).
 12615 | D:11     | 12615 ||| Stepping ~*~*~tactically~*~*~ (stealth).
 12616 | D:11     | 12616 ||| Stepping ~*~*~tactically~*~*~ (stealth).
 12617 | D:11     | 12617 ||| Stepping ~*~*~tactically~*~*~ (stealth).
 12688 | D:11     | Noticed a boulder beetle
 12690 | D:11     | 12690 ||| INVOKING Heroism.
 12691 | D:11     | 12691 ||| INVOKING Finesse.
 12715 | D:11     | Killed a boulder beetle
 12971 | D:11     | 12971 ||| Stepping ~*~*~tactically~*~*~ (stealth).
 12974 | D:11     | 12974 ||| INVOKING Heroism.
 13058 | D:11     | 13058 ||| Stepping ~*~*~tactically~*~*~ (stealth).
 13364 | D:11     | 13364 ||| PLANNING LAIR
 13364 | D:11     | 13364 ||| READING scroll labelled ZOIXTA BEUMUSAL.
 13365 | D:11     | 13365 ||| READING 2 scrolls of identify.
 13365 | D:11     | 13365 ||| IDENTIFYING metallic sapphire potion
 13409 | Lair:1   | Entered Level 1 of the Lair of Beasts
 13411 | Lair:1   | 13411 ||| Stepping ~*~*~tactically~*~*~ (stealth).
 13412 | Lair:1   | 13412 ||| Stepping ~*~*~tactically~*~*~ (stealth).
 13413 | Lair:1   | 13413 ||| Stepping ~*~*~tactically~*~*~ (stealth).
 13418 | Lair:1   | 13418 ||| Stepping ~*~*~tactically~*~*~ (stealth).
 13486 | Lair:1   | 13486 ||| INVOKING Heroism.
 13511 | Lair:1   | 13511 ||| Stepping ~*~*~tactically~*~*~ (stealth).
 13512 | Lair:1   | 13512 ||| INVOKING Heroism.
 13514 | Lair:1   | Reached XP level 13. HP: 80/82 MP: 17/20
 13987 | Lair:1   | 13987 ||| Stepping ~*~*~tactically~*~*~ (hiding).
 13988 | Lair:1   | 13988 ||| INVOKING Heroism.
 14054 | Lair:1   | 14054 ||| Stepping ~*~*~tactically~*~*~ (hiding).
 14055 | Lair:1   | 14055 ||| Stepping ~*~*~tactically~*~*~ (hiding).
 14056 | Lair:1   | 14056 ||| Stepping ~*~*~tactically~*~*~ (hiding).
 14059 | Lair:1   | 14059 ||| INVOKING Heroism.
 14061 | Lair:1   | Received a gift from Okawaru
 14256 | Lair:1   | 14256 ||| INVOKING Heroism.
 14589 | Lair:1   | 14589 ||| READING scroll labelled WUYNOALLEV.
 14815 | Lair:2   | Found a staircase to the Swamp.
 14885 | Lair:2   | 14885 ||| Stepping ~*~*~tactically~*~*~ (stealth).
 14892 | Lair:2   | 14892 ||| INVOKING Heroism.
 15091 | Lair:2   | 15091 ||| Stepping ~*~*~tactically~*~*~ (stealth).
 15186 | Lair:2   | 15186 ||| READING scroll of enchant weapon.
 15186 | Lair:2   | 15186 ||| ENCHANTING +0 broad axe.
 15226 | Lair:2   | Noticed Urug
 15227 | Lair:2   | 15227 ||| INVOKING Heroism.
 15228 | Lair:2   | 15228 ||| INVOKING Finesse.
 15232 | Lair:2   | 15232 ||| Stepping ~*~*~tactically~*~*~ (stealth).
 15245 | Lair:2   | Killed Urug
 15277 | Lair:2   | 15277 ||| SWAPPING to +7 broad axe.
 15278 | Lair:2   | 15278 ||| DROPPING +1 broad axe.
 15337 | Lair:2   | 15337 ||| READING scroll of brand weapon.
 15337 | Lair:2   | 15337 ||| BRANDING +7 broad axe.
 15643 | Lair:2   | 15643 ||| INVOKING Heroism.
 15727 | Lair:2   | 15727 ||| INVOKING Heroism.
 15734 | Lair:2   | 15734 ||| INVOKING Finesse.
 15884 | Lair:2   | 15884 ||| INVOKING Heroism.
 15885 | Lair:2   | 15885 ||| INVOKING Finesse.
 15994 | Lair:2   | 15994 ||| READING scroll labelled GASTRI WOHO.
 16113 | Lair:3   | 16113 ||| INVOKING Heroism.
 16117 | Lair:3   | 16117 ||| STAIRDANCE
 16129 | Lair:3   | 16129 ||| STAIRDANCE
 16194 | Lair:3   | 16194 ||| Stepping ~*~*~tactically~*~*~ (hiding).
 16197 | Lair:3   | 16197 ||| INVOKING Heroism.
 16202 | Lair:3   | Received a gift from Okawaru
 16292 | Lair:3   | 16292 ||| INVOKING Heroism.
 16293 | Lair:3   | Noticed Josephine
 16302 | Lair:3   | Identified the +4 ring mail of Okawaru's Respect {Harm rF+
                  | Str+4} (Okawaru gifted it to you on level 3 of the Lair of
                  | Beasts)
 16302 | Lair:3   | Received a gift from Okawaru
 16318 | Lair:3   | Killed Josephine
 16319 | Lair:3   | Reached skill level 11 in Fighting
 16373 | Lair:3   | Noticed Rupert
 16374 | Lair:3   | 16374 ||| INVOKING Heroism.
 16375 | Lair:3   | 16375 ||| INVOKING Finesse.
 16386 | Lair:3   | HP: 2/84 [Rupert/+5 great sword of holy wrath (34)]
 16387 | Lair:3   | 16387 ||| READING 4 scrolls of teleportation.
 16388 | Lair:3   | 16388 ||| DRINKING potion of heal wounds.
 16391 | Lair:3   | Killed Rupert
 16697 | Lair:3   | 16697 ||| INVOKING Heroism.
 16728 | Lair:3   | 16728 ||| READING scroll of enchant weapon.
 16728 | Lair:3   | 16728 ||| ENCHANTING +7 broad axe of chaos.
 16784 | Lair:3   | 16784 ||| Stepping ~*~*~tactically~*~*~ (stealth).
 16793 | Lair:3   | Reached skill level 6 in Throwing
 16793 | Lair:3   | Gained mutation: Your large and strong wings let you fly.
                  | [Gargoyle growth]
 16793 | Lair:3   | Reached XP level 14. HP: 90/90 MP: 21/21
 16838 | Lair:3   | Found the +8 whip "Snakebite" {venom, curare, rPois}
 16883 | Lair:3   | 16883 ||| Stepping ~*~*~tactically~*~*~ (stealth).
 16909 | Lair:3   | 16909 ||| Stepping ~*~*~tactically~*~*~ (stealth).
 16941 | Lair:3   | Found a hole to the Spider Nest.
 17094 | Lair:3   | 17094 ||| Stepping ~*~*~tactically~*~*~ (stealth).
 17095 | Lair:3   | 17095 ||| INVOKING Heroism.
 17104 | Lair:3   | 17104 ||| Stepping ~*~*~tactically~*~*~ (stealth).
 17111 | Lair:3   | 17111 ||| SWAPPING to +1 war axe of flaming.
 17119 | Lair:3   | 17119 ||| SWAPPING to +8 broad axe of chaos.
 17327 | Lair:3   | 17327 ||| Stepping ~*~*~tactically~*~*~ (stealth).
 17329 | Lair:3   | 17329 ||| INVOKING Heroism.
 17343 | Lair:3   | Reached skill level 15 in Axes
 17746 | Lair:4   | 17746 ||| INVOKING Heroism.
 17747 | Lair:4   | 17747 ||| INVOKING Finesse.
 17812 | Lair:4   | 17812 ||| Stepping ~*~*~tactically~*~*~ (stealth).
 17938 | Lair:4   | 17938 ||| INVOKING Heroism.
 17988 | Lair:4   | 17988 ||| Stepping ~*~*~tactically~*~*~ (stealth).
 17989 | Lair:4   | 17989 ||| Stepping ~*~*~tactically~*~*~ (stealth).
 17991 | Lair:4   | 17991 ||| Stepping ~*~*~tactically~*~*~ (stealth).
 18006 | Lair:4   | 18006 ||| Stepping ~*~*~tactically~*~*~ (stealth).
 18163 | Lair:4   | Received a gift from Okawaru
 18577 | Lair:4   | 18577 ||| READING scroll labelled FEVUOSIEGRY.
 18578 | Lair:4   | 18578 ||| READING scroll labelled VAK SOCURRYER.
 18579 | Lair:4   | 18579 ||| READING scroll labelled HUSIUZXIREUPT.
 18601 | Lair:5   | Entered Level 5 of the Lair of Beasts
 18603 | Lair:5   | 18603 ||| INVOKING Heroism.
 18605 | Lair:5   | 18605 ||| STAIRDANCE
 18694 | Lair:5   | Noticed Snorg
 18695 | Lair:5   | 18695 ||| STAIRDANCE
 18700 | Lair:4   | 18700 ||| INVOKING Heroism.
 18703 | Lair:4   | Reached skill level 12 in Fighting
 18703 | Lair:4   | Received a gift from Okawaru
 18843 | Lair:5   | 18843 ||| INVOKING Heroism.
 18844 | Lair:5   | 18844 ||| INVOKING Finesse.
 18853 | Lair:5   | Killed Snorg
 18987 | Lair:5   | 18987 ||| Stepping ~*~*~tactically~*~*~ (stealth).
 18998 | Lair:5   | 18998 ||| FLEEEEING.
 18999 | Lair:5   | 18999 ||| FLEEEEING.
 19000 | Lair:5   | 19000 ||| FLEEEEING.
 19001 | Lair:5   | 19001 ||| FLEEEEING.
 19002 | Lair:5   | 19002 ||| FLEEEEING.
 19003 | Lair:5   | 19003 ||| FLEEEEING.
 19004 | Lair:5   | 19004 ||| FLEEEEING.
 19005 | Lair:5   | 19005 ||| FLEEEEING.
 19006 | Lair:5   | 19006 ||| FLEEEEING.
 19007 | Lair:5   | 19007 ||| FLEEEEING.
 19008 | Lair:5   | 19008 ||| FLEEEEING.
 19009 | Lair:5   | 19009 ||| FLEEEEING.
 19010 | Lair:5   | 19010 ||| FLEEEEING.
 19011 | Lair:5   | 19011 ||| FLEEEEING.
 19012 | Lair:5   | 19012 ||| FLEEEEING.
 19013 | Lair:5   | 19013 ||| FLEEEEING.
 19014 | Lair:5   | 19014 ||| FLEEEEING.
 19015 | Lair:5   | 19015 ||| FLEEEEING.
 19016 | Lair:5   | 19016 ||| FLEEEEING.
 19017 | Lair:5   | 19017 ||| FLEEEEING.
 19018 | Lair:5   | 19018 ||| FLEEEEING.
 19019 | Lair:5   | 19019 ||| FLEEEEING.
 19020 | Lair:5   | 19020 ||| FLEEEEING.
 19021 | Lair:5   | 19021 ||| FLEEEEING.
 19022 | Lair:5   | 19022 ||| FLEEEEING.
 19023 | Lair:5   | 19023 ||| FLEEEEING.
 19024 | Lair:5   | 19024 ||| FLEEEEING.
 19025 | Lair:5   | 19025 ||| FLEEEEING.
 19026 | Lair:5   | 19026 ||| FLEEEEING.
 19027 | Lair:5   | 19027 ||| FLEEEEING.
 19028 | Lair:5   | 19028 ||| FLEEEEING.
 19029 | Lair:5   | 19029 ||| FLEEEEING.
 19030 | Lair:5   | 19030 ||| STAIRDANCE
 19081 | Lair:4   | 19081 ||| DROPPING ring of magical power.
 19108 | Lair:5   | 19108 ||| INVOKING Heroism.
 19109 | Lair:5   | 19109 ||| INVOKING Finesse.
 19111 | Lair:5   | 19111 ||| SWAPPING to +1 war axe of flaming.
 19120 | Lair:5   | 19120 ||| SWAPPING to +8 broad axe of chaos.
 19174 | Lair:5   | Found a viscous altar of Jiyva.
 19174 | Lair:5   | Found a staircase to the Slime Pits.
 19314 | Lair:5   | 19314 ||| INVOKING Heroism.
 19315 | Lair:5   | 19315 ||| INVOKING Finesse.
 19370 | Lair:5   | 19370 ||| Stepping ~*~*~tactically~*~*~ (stealth).
 19373 | Lair:5   | 19373 ||| INVOKING Heroism.
 19378 | Lair:5   | 19378 ||| Stepping ~*~*~tactically~*~*~ (stealth).
 19380 | Lair:5   | 19380 ||| Stepping ~*~*~tactically~*~*~ (stealth).
 19390 | Lair:5   | 19390 ||| INVOKING Finesse.
 19457 | Lair:5   | 19457 ||| INVOKING Heroism.
 19458 | Lair:5   | 19458 ||| INVOKING Finesse.
 19471 | Lair:5   | Received a gift from Okawaru
 19537 | Lair:5   | 19537 ||| INVOKING Heroism.
 19538 | Lair:5   | 19538 ||| INVOKING Finesse.
 19595 | Lair:5   | 19595 ||| INVOKING Finesse.
 19596 | Lair:5   | 19596 ||| INVOKING Heroism.
 19683 | Lair:5   | Received a gift from Okawaru
 20055 | Lair:5   | 20055 ||| PLANNING D
 20223 | D:12     | 20223 ||| INVOKING Heroism.
 20224 | D:12     | 20224 ||| STAIRDANCE
 20240 | D:12     | Reached XP level 15. HP: 87/96 MP: 22/22
 20281 | D:12     | 20281 ||| Stepping ~*~*~tactically~*~*~ (stealth).
 20282 | D:12     | 20282 ||| Stepping ~*~*~tactically~*~*~ (stealth).
 20284 | D:12     | 20284 ||| Stepping ~*~*~tactically~*~*~ (stealth).
 20285 | D:12     | 20285 ||| Stepping ~*~*~tactically~*~*~ (stealth).
 20286 | D:12     | 20286 ||| INVOKING Heroism.
 20298 | D:12     | Reached skill level 3 in Dodging
 20466 | D:12     | 20466 ||| FLEEEEING.
 20467 | D:12     | 20467 ||| FLEEEEING.
 20468 | D:12     | 20468 ||| FLEEEEING.
 20483 | D:12     | 20483 ||| FLEEEEING.
 20484 | D:12     | 20484 ||| FLEEEEING.
 20500 | D:12     | 20500 ||| FLEEEEING.
 20501 | D:12     | 20501 ||| FLEEEEING.
 20502 | D:12     | 20502 ||| STAIRDANCE
 20542 | D:11     | 20542 ||| UPGRADING to +6 ring of dexterity.
 20546 | D:12     | Identified the +10 spear "Etas" {vamp, rN++ MP-9 Dex+7}
                  | (Okawaru gifted it to you on level 12 of the Dungeon)
 20546 | D:12     | Received a gift from Okawaru
 20691 | D:12     | 20691 ||| INVOKING Heroism.
 20848 | D:12     | 20848 ||| FLEEEEING.
 20849 | D:12     | 20849 ||| FLEEEEING.
 20850 | D:12     | 20850 ||| FLEEEEING.
 20851 | D:12     | 20851 ||| FLEEEEING.
 20852 | D:12     | 20852 ||| FLEEEEING.
 20853 | D:12     | 20853 ||| FLEEEEING.
 20854 | D:12     | 20854 ||| FLEEEEING.
 20870 | D:12     | 20870 ||| FLEEEEING.
 20871 | D:12     | 20871 ||| FLEEEEING.
 20874 | D:12     | 20874 ||| STAIRDANCE
 21257 | D:12     | 21257 ||| READING scroll of enchant weapon.
 21257 | D:12     | 21257 ||| ENCHANTING +8 broad axe of chaos.
 21410 | D:13     | 21410 ||| Stepping ~*~*~tactically~*~*~ (hiding).
 21411 | D:13     | 21411 ||| INVOKING Heroism.
 21430 | D:13     | Reached skill level 12 in Armour
 21540 | D:13     | 21540 ||| INVOKING Heroism.
 21606 | D:13     | 21606 ||| Stepping ~*~*~tactically~*~*~ (stealth).
 21609 | D:13     | Received a gift from Okawaru
 21622 | D:13     | 21622 ||| INVOKING Heroism.
 21835 | D:13     | 21835 ||| Stepping ~*~*~tactically~*~*~ (hiding).
 21873 | D:13     | 21873 ||| Stepping ~*~*~tactically~*~*~ (stealth).
 21903 | D:13     | 21903 ||| INVOKING Heroism.
 21929 | D:13     | Received a gift from Okawaru
 22034 | D:13     | 22034 ||| INVOKING Heroism.
 22035 | D:13     | 22035 ||| INVOKING Finesse.
 22039 | D:13     | 22039 ||| SWAPPING to +1 war axe of flaming.
 22044 | D:13     | 22044 ||| SWAPPING to +9 broad axe of chaos.
 22168 | D:13     | Found a gate to the Vaults.
 22177 | D:13     | 22177 ||| Stepping ~*~*~tactically~*~*~ (hiding).
 22337 | D:13     | 22337 ||| Stepping ~*~*~tactically~*~*~ (stealth).
 22338 | D:13     | 22338 ||| Stepping ~*~*~tactically~*~*~ (stealth).
 22340 | D:13     | 22340 ||| Stepping ~*~*~tactically~*~*~ (stealth).
 22342 | D:13     | 22342 ||| Stepping ~*~*~tactically~*~*~ (stealth).
 22371 | D:13     | Gained mutation: Your spells are a little easier to cast,
                  | but a little less powerful. [a neqoxec]
 22457 | D:13     | 22457 ||| INVOKING Heroism.
 22459 | D:13     | 22459 ||| INVOKING Finesse.
 22460 | D:13     | 22460 ||| SWAPPING to +1 war axe of flaming.
 22461 | D:13     | 22461 ||| SWAPPING to +9 broad axe of chaos.
 22598 | D:13     | 22598 ||| Stepping ~*~*~tactically~*~*~ (stealth).
 22605 | D:13     | 22605 ||| Stepping ~*~*~tactically~*~*~ (stealth).
 22627 | D:13     | 22627 ||| Stepping ~*~*~tactically~*~*~ (stealth).
 22637 | D:13     | 22637 ||| Stepping ~*~*~tactically~*~*~ (hiding).
 22640 | D:13     | 22640 ||| INVOKING Heroism.
 22659 | D:13     | 22659 ||| Stepping ~*~*~tactically~*~*~ (stealth).
 22698 | D:13     | 22698 ||| INVOKING Heroism.
 22897 | D:13     | 22897 ||| Stepping ~*~*~tactically~*~*~ (stealth).
 22898 | D:13     | 22898 ||| Stepping ~*~*~tactically~*~*~ (stealth).
 22899 | D:13     | 22899 ||| Stepping ~*~*~tactically~*~*~ (stealth).
 22901 | D:13     | 22901 ||| Stepping ~*~*~tactically~*~*~ (stealth).
 22923 | D:13     | 22923 ||| Stepping ~*~*~tactically~*~*~ (stealth).
 22924 | D:13     | 22924 ||| Stepping ~*~*~tactically~*~*~ (stealth).
 22927 | D:13     | 22927 ||| Stepping ~*~*~tactically~*~*~ (stealth).
 22999 | D:13     | 22999 ||| DROPPING +4 ring mail of Okawaru's Respect {Harm
                  | rF+ Str+4}.
 23000 | D:13     | 23000 ||| UPGRADING to scarf of resistance.
 23010 | D:13     | 23010 ||| UPGRADING to +1 pair of boots.
 23020 | D:13     | 23020 ||| DROPPING +0 pair of boots.
 23021 | D:13     | 23021 ||| UPGRADING to +0 crystal plate armour.
 23031 | D:13     | 23031 ||| DROPPING +0 plate armour.
 23063 | D:14     | Identified Roxanne's Almanac of Silt
 23063 | D:14     | Noticed Roxanne
 23064 | D:14     | 23064 ||| STAIRDANCE
 23089 | D:14     | 23089 ||| STAIRDANCE
 23093 | D:13     | 23093 ||| INVOKING Heroism.
 23154 | D:14     | Killed Roxanne
 23408 | D:14     | 23408 ||| Stepping ~*~*~tactically~*~*~ (hiding).
 23409 | D:14     | 23409 ||| Stepping ~*~*~tactically~*~*~ (hiding).
 23527 | D:14     | 23527 ||| Stepping ~*~*~tactically~*~*~ (stealth).
 23529 | D:14     | 23529 ||| Stepping ~*~*~tactically~*~*~ (hiding).
 23619 | D:14     | 23619 ||| Stepping ~*~*~tactically~*~*~ (hiding).
 23727 | D:14     | Identified the +8 hand axe of Zoulamn {vorpal, rF+ Dex+3
                  | Stlth+}
 23769 | D:14     | Noticed Azrael
 23770 | D:14     | 23770 ||| Stepping ~*~*~tactically~*~*~ (hiding).
 23772 | D:14     | 23772 ||| INVOKING Heroism.
 23782 | D:14     | Killed Azrael
 24083 | D:14     | Found a shimmering altar of Xom.
 24115 | D:14     | Received a gift from Okawaru
 24171 | D:14     | Reached XP level 16. HP: 75/101 MP: 23/23
 24194 | D:14     | 24194 ||| FLEEEEING.
 24195 | D:14     | 24195 ||| FLEEEEING.
 24196 | D:14     | 24196 ||| FLEEEEING.
 24197 | D:14     | 24197 ||| FLEEEEING.
 24198 | D:14     | 24198 ||| FLEEEEING.
 24199 | D:14     | 24199 ||| FLEEEEING.
 24200 | D:14     | 24200 ||| FLEEEEING.
 24213 | D:14     | 24213 ||| Stepping ~*~*~tactically~*~*~ (hiding).
 24219 | D:14     | 24219 ||| INVOKING Heroism.
 24346 | D:14     | Noticed Frances
 24347 | D:14     | 24347 ||| Stepping ~*~*~tactically~*~*~ (hiding).
 24348 | D:14     | 24348 ||| Stepping ~*~*~tactically~*~*~ (hiding).
 24351 | D:14     | 24351 ||| INVOKING Heroism.
 24352 | D:14     | 24352 ||| INVOKING Finesse.
 24359 | D:14     | Killed Frances
 24778 | D:15     | Entered Level 15 of the Dungeon
 24904 | D:15     | Identified a scroll of acquirement
 24915 | D:15     | 24915 ||| READING scroll of acquirement.
 24915 | D:15     | 24915 ||| ACQUIRING 767 gold pieces
 24915 | D:15     | Acquired 767 gold pieces
 24922 | D:15     | 24922 ||| INVOKING Heroism.
 24950 | D:15     | 24950 ||| Stepping ~*~*~tactically~*~*~ (stealth).
 24966 | D:15     | 24966 ||| Stepping ~*~*~tactically~*~*~ (stealth).
 25022 | D:15     | 25022 ||| INVOKING Heroism.
 25033 | D:15     | 25033 ||| DRINKING 2 potions of cancellation.
 25100 | D:15     | 25100 ||| Stepping ~*~*~tactically~*~*~ (stealth).
 25102 | D:15     | 25102 ||| Stepping ~*~*~tactically~*~*~ (stealth).
 25103 | D:15     | 25103 ||| INVOKING Heroism.
 25108 | D:15     | 25108 ||| SWAPPING to +1 war axe of flaming.
 25114 | D:15     | Received a gift from Okawaru
 25115 | D:15     | 25115 ||| SWAPPING to +9 broad axe of chaos.
 25120 | D:15     | Reached skill level 13 in Fighting
 25495 | D:15     | 25495 ||| INVOKING Heroism.
 25591 | D:15     | Found a staircase to the Depths.
 25656 | D:15     | 25656 ||| Stepping ~*~*~tactically~*~*~ (stealth).
 25951 | D:15     | 25951 ||| INVOKING Heroism.
 25952 | D:15     | 25952 ||| INVOKING Finesse.
 25954 | D:15     | 25954 ||| SWAPPING to +1 war axe of flaming.
 25956 | D:15     | 25956 ||| SWAPPING to +9 broad axe of chaos.
 26022 | D:15     | 26022 ||| PLANNING ORC
 26022 | D:15     | 26022 ||| UPGRADING to +2 buckler of protection.
 26032 | D:15     | 26032 ||| DROPPING +0 buckler.
 26185 | Orc:1    | Entered Level 1 of the Orcish Mines
 26185 | Orc:1    | You are sucked into a shaft and drop 1 floor!
 26185 | Orc:2    | Entered Level 2 of the Orcish Mines
 26192 | Orc:1    | 26192 ||| INVOKING Heroism.
 26331 | Orc:1    | Found a shimmering altar of Xom.
 26445 | Orc:2    | Found a staircase to the Elven Halls.
 26457 | Orc:2    | Noticed Erolcha
 26464 | Orc:2    | 26464 ||| INVOKING Heroism.
 26465 | Orc:2    | Killed Erolcha
 26614 | Orc:2    | Noticed Saint Roka
 26615 | Orc:2    | 26615 ||| INVOKING Heroism.
 26616 | Orc:2    | 26616 ||| INVOKING Finesse.
 26646 | Orc:2    | Killed Saint Roka
 26647 | Orc:2    | Reached skill level 15 in Armour
 26650 | Orc:2    | HP: 15/104 [orc priest/divine providence (15)]
 26651 | Orc:2    | 26651 ||| READING 7 scrolls of teleportation.
 26651 | Orc:2    | HP: 4/104 [orc high priest/divine providence (11)]
 26652 | Orc:2    | 26652 ||| DRINKING 3 potions of heal wounds.
 26653 | Orc:2    | 26653 ||| DRINKING 2 potions of heal wounds.
 26978 | Orc:2    | 26978 ||| Stepping ~*~*~tactically~*~*~ (stealth).
 26979 | Orc:2    | 26979 ||| Stepping ~*~*~tactically~*~*~ (stealth).
 26985 | Orc:2    | 26985 ||| Stepping ~*~*~tactically~*~*~ (stealth).
 26987 | Orc:2    | 26987 ||| Stepping ~*~*~tactically~*~*~ (stealth).
 26997 | Orc:2    | 26997 ||| Stepping ~*~*~tactically~*~*~ (stealth).
 27035 | Orc:2    | 27035 ||| Stepping ~*~*~tactically~*~*~ (stealth).
 27041 | Orc:2    | 27041 ||| Stepping ~*~*~tactically~*~*~ (stealth).
 27055 | Orc:2    | 27055 ||| Stepping ~*~*~tactically~*~*~ (stealth).
 27057 | Orc:2    | 27057 ||| Stepping ~*~*~tactically~*~*~ (stealth).
 27059 | Orc:2    | 27059 ||| Stepping ~*~*~tactically~*~*~ (stealth).
 27071 | Orc:2    | 27071 ||| Stepping ~*~*~tactically~*~*~ (hiding).
 27073 | Orc:2    | 27073 ||| INVOKING Heroism.
 27079 | Orc:2    | Received a gift from Okawaru
 27091 | Orc:2    | 27091 ||| Stepping ~*~*~tactically~*~*~ (hiding).
 27092 | Orc:2    | 27092 ||| Stepping ~*~*~tactically~*~*~ (hiding).
 27111 | Orc:2    | 27111 ||| INVOKING Heroism.
 27141 | Orc:2    | 27141 ||| DRINKING 4 potions of curing.
 27141 | Orc:2    | 27141 ||| (to cure confusion)
 27262 | Orc:2    | 27262 ||| INVOKING Heroism.
 27317 | Orc:2    | 27317 ||| FLEEEEING.
 27318 | Orc:2    | 27318 ||| FLEEEEING.
 27319 | Orc:2    | 27319 ||| FLEEEEING.
 27324 | Orc:2    | 27324 ||| STAIRDANCE
 27326 | Orc:1    | 27326 ||| INVOKING Heroism.
 27508 | Orc:2    | 27508 ||| Stepping ~*~*~tactically~*~*~ (stealth).
 27509 | Orc:2    | 27509 ||| Stepping ~*~*~tactically~*~*~ (stealth).
 27510 | Orc:2    | 27510 ||| Stepping ~*~*~tactically~*~*~ (stealth).
 27511 | Orc:2    | 27511 ||| Stepping ~*~*~tactically~*~*~ (stealth).
 27582 | Orc:2    | 27582 ||| INVOKING Heroism.
 27624 | Orc:2    | Found Xaraib's Jewellery Emporium.
 27629 | Orc:2    | Found Fotan's Armour Shop.
 27633 | Orc:2    | 27633 ||| BUYING +4 ring of evasion (432 gold).
 27633 | Orc:2    | Bought a +4 ring of evasion for 432 gold pieces
 27633 | Orc:2    | 27633 ||| BUYING ring "Raceoshro" {rF- rCorr MP+9 Int+2
                  | SInv} (408 gold).
 27633 | Orc:2    | Bought the ring "Raceoshro" {rF- rCorr MP+9 Int+2 SInv} for
                  | 408 gold pieces
 27636 | Orc:2    | 27636 ||| BUYING +2 plate armour of cold resistance (480
                  | gold).
 27636 | Orc:2    | Bought a +2 plate armour of cold resistance for 480 gold
                  | pieces
 27636 | Orc:2    | Found Xenis's Magic Scroll Shop.
 27638 | Orc:2    | 27638 ||| Stepping ~*~*~tactically~*~*~ (hiding).
 27640 | Orc:2    | 27640 ||| Stepping ~*~*~tactically~*~*~ (hiding).
 27643 | Orc:2    | 27643 ||| Stepping ~*~*~tactically~*~*~ (hiding).
 27693 | Orc:2    | Found Adwistrogo's Magic Scroll Emporium.
 27699 | Orc:2    | 27699 ||| BUYING scroll of teleportation (30 gold).
 27699 | Orc:2    | Bought a scroll of teleportation for 30 gold pieces
 27699 | Orc:2    | 27699 ||| BUYING scroll of teleportation (30 gold).
 27699 | Orc:2    | Bought a scroll of teleportation for 30 gold pieces
 27702 | Orc:2    | 27702 ||| BUYING scroll of brand weapon (114 gold).
 27702 | Orc:2    | Bought a scroll of brand weapon for 114 gold pieces
 27702 | Orc:2    | 27702 ||| BUYING scroll of enchant weapon (90 gold).
 27702 | Orc:2    | Bought a scroll of enchant weapon for 90 gold pieces
 27702 | Orc:2    | 27702 ||| READING scroll of brand weapon.
 27702 | Orc:2    | 27702 ||| BRANDING +9 broad axe of chaos.
 27857 | Orc:2    | 27857 ||| Stepping ~*~*~tactically~*~*~ (hiding).
 27859 | Orc:2    | 27859 ||| Stepping ~*~*~tactically~*~*~ (hiding).
 27861 | Orc:2    | 27861 ||| Stepping ~*~*~tactically~*~*~ (hiding).
 27866 | Orc:2    | 27866 ||| Stepping ~*~*~tactically~*~*~ (hiding).
 27867 | Orc:2    | 27867 ||| Stepping ~*~*~tactically~*~*~ (hiding).
 27868 | Orc:2    | 27868 ||| Stepping ~*~*~tactically~*~*~ (hiding).
 27870 | Orc:2    | 27870 ||| Stepping ~*~*~tactically~*~*~ (hiding).
 27871 | Orc:2    | 27871 ||| Stepping ~*~*~tactically~*~*~ (hiding).
 27873 | Orc:2    | 27873 ||| Stepping ~*~*~tactically~*~*~ (hiding).
 27874 | Orc:2    | 27874 ||| Stepping ~*~*~tactically~*~*~ (hiding).
 27877 | Orc:2    | 27877 ||| INVOKING Heroism.
 27928 | Orc:2    | 27928 ||| UPGRADING to +4 ring of evasion.
 27930 | Orc:2    | 27930 ||| DROPPING +6 ring of dexterity.
 28066 | Orc:1    | Found Orat Puz's Overcharged Wands.
 28081 | Orc:1    | 28081 ||| BUYING wand of digging (11) (693 gold).
 28081 | Orc:1    | Bought a wand of digging (11) for 693 gold pieces
 28314 | Orc:1    | 28314 ||| PLANNING SPIDER:1-3
 28351 | D:9      | 28351 ||| Stepping ~*~*~tactically~*~*~ (hiding).
 28352 | D:9      | 28352 ||| Stepping ~*~*~tactically~*~*~ (hiding).
 28355 | D:9      | 28355 ||| Stepping ~*~*~tactically~*~*~ (hiding).
 28608 | Spider:1 | Entered Level 1 of the Spider Nest
 28609 | Spider:1 | 28609 ||| INVOKING Heroism.
 28610 | Spider:1 | 28610 ||| INVOKING Finesse.
 28620 | Spider:1 | Received a gift from Okawaru
 28679 | Spider:1 | 28679 ||| Stepping randomly (disturbance).
 28681 | Spider:1 | 28681 ||| Stepping ~*~*~tactically~*~*~ (stealth).
 28682 | Spider:1 | 28682 ||| Stepping ~*~*~tactically~*~*~ (stealth).
 28683 | Spider:1 | 28683 ||| INVOKING Heroism.
 28796 | Spider:1 | 28796 ||| INVOKING Finesse.
 28797 | Spider:1 | 28797 ||| INVOKING Finesse.
 28805 | Spider:1 | 28805 ||| INVOKING Heroism.
 28811 | Spider:1 | Received a gift from Okawaru
 28812 | Spider:1 | Reached skill level 18 in Axes
 28878 | Spider:1 | 28878 ||| Stepping ~*~*~tactically~*~*~ (stealth).
 28924 | Spider:1 | 28924 ||| Stepping ~*~*~tactically~*~*~ (stealth).
 28945 | Spider:1 | 28945 ||| INVOKING Finesse.
 28976 | Spider:1 | Reached skill level 9 in Shields
 29022 | Spider:1 | Found a frozen archway.
 29065 | Spider:1 | 29065 ||| INVOKING Heroism.
 29073 | Spider:1 | 29073 ||| INVOKING Finesse.
 29089 | Spider:1 | Reached XP level 17. HP: 109/109 MP: 18/24
 29177 | Spider:1 | 29177 ||| INVOKING Heroism.
 29299 | Spider:1 | Identified the +2 leather armour of Puroxemu {Rampage
                  | Will++ Int+2 Slay-4}
 29536 | Spider:1 | 29536 ||| DROPPING +1 pair of boots of rampaging.
 29639 | Spider:2 | 29639 ||| DRINKING 4 potions of curing.
 29639 | Spider:2 | 29639 ||| (to cure confusion)
 29657 | Spider:2 | 29657 ||| INVOKING Heroism.
 29666 | Spider:2 | Noticed Asterion
 29668 | Spider:2 | Reached skill level 14 in Fighting
 29683 | Spider:2 | 29683 ||| INVOKING Heroism.
 29685 | Spider:2 | Killed Asterion
 29873 | Spider:2 | 29873 ||| Stepping ~*~*~tactically~*~*~ (stealth).
 29877 | Spider:2 | 29877 ||| INVOKING Heroism.
 30186 | Spider:2 | 30186 ||| Stepping ~*~*~tactically~*~*~ (hiding).
 30191 | Spider:2 | 30191 ||| INVOKING Heroism.
 30385 | Spider:2 | 30385 ||| UPGRADING to +0 kite shield.
 30395 | Spider:2 | 30395 ||| DROPPING +2 buckler of protection.
 30396 | Spider:2 | 30396 ||| UPGRADING to +2 helmet.
 30406 | Spider:2 | 30406 ||| DROPPING +0 helmet.
 30407 | Spider:2 | 30407 ||| READING 18 scrolls of identify.
 30407 | Spider:2 | 30407 ||| IDENTIFYING viscous black potion
 30408 | Spider:2 | 30408 ||| READING 8 scrolls of teleportation.
 30693 | Spider:3 | 30693 ||| Stepping ~*~*~tactically~*~*~ (stealth).
 30694 | Spider:3 | 30694 ||| Stepping ~*~*~tactically~*~*~ (stealth).
 30704 | Spider:3 | 30704 ||| INVOKING Heroism.
 30869 | Spider:3 | 30869 ||| Stepping ~*~*~tactically~*~*~ (stealth).
 30874 | Spider:3 | 30874 ||| INVOKING Heroism.
 30902 | Spider:3 | 30902 ||| Stepping ~*~*~tactically~*~*~ (stealth).
 30908 | Spider:3 | 30908 ||| Stepping ~*~*~tactically~*~*~ (stealth).
 30914 | Spider:3 | 30914 ||| Stepping ~*~*~tactically~*~*~ (stealth).
 30972 | Spider:3 | 30972 ||| INVOKING Heroism.
 31015 | Spider:3 | 31015 ||| Stepping ~*~*~tactically~*~*~ (stealth).
 31018 | Spider:3 | 31018 ||| INVOKING Heroism.
 31023 | Spider:3 | 31023 ||| Stepping ~*~*~tactically~*~*~ (hiding).
 31110 | Spider:3 | 31110 ||| Stepping randomly (disturbance).
 31391 | Spider:3 | 31391 ||| INVOKING Heroism.
 31465 | Spider:3 | 31465 ||| DRINKING 5 potions of curing.
 31465 | Spider:3 | 31465 ||| (to cure confusion)
 31594 | Spider:3 | 31594 ||| INVOKING Heroism.
 31806 | Spider:3 | 31806 ||| PLANNING SWAMP:1-3
 31806 | Spider:3 | 31806 ||| DROPPING amulet of guardian spirit.
 31961 | Swamp:1  | Entered Level 1 of the Swamp
 31970 | Swamp:1  | 31970 ||| INVOKING Heroism.
 31993 | Swamp:1  | 31993 ||| SWAPPING to +1 war axe of flaming.
 31999 | Swamp:1  | 31999 ||| SWAPPING to +9 vampiric broad axe.
 32048 | Swamp:1  | Received a gift from Okawaru
 32080 | Swamp:1  | Noticed Nikola
 32081 | Swamp:1  | 32081 ||| Stepping ~*~*~tactically~*~*~ (hiding).
 32082 | Swamp:1  | 32082 ||| Stepping ~*~*~tactically~*~*~ (hiding).
 32083 | Swamp:1  | 32083 ||| INVOKING Heroism.
 32084 | Swamp:1  | 32084 ||| INVOKING Finesse.
 32095 | Swamp:1  | Killed Nikola
 32141 | Swamp:1  | Identified the +8 battleaxe of Prudence {vorpal, Will+
                  | Dex+3}
 32150 | Swamp:1  | 32150 ||| INVOKING Heroism.
 32244 | Swamp:1  | Identified the +4 war axe of the Candelabrum {venom, rF+
                  | rC+ Dex-4 SInv}
 32309 | Swamp:1  | Reached skill level 12 in Shields
 32317 | Swamp:1  | 32317 ||| INVOKING Heroism.
 32320 | Swamp:1  | Received a gift from Okawaru
 32527 | Swamp:1  | 32527 ||| Stepping ~*~*~tactically~*~*~ (hiding).
 32528 | Swamp:1  | 32528 ||| Stepping ~*~*~tactically~*~*~ (hiding).
 32639 | Swamp:1  | 32639 ||| Stepping ~*~*~tactically~*~*~ (hiding).
 32647 | Swamp:1  | 32647 ||| INVOKING Heroism.
 32648 | Swamp:1  | 32648 ||| SWAPPING to +1 war axe of flaming.
 32657 | Swamp:1  | 32657 ||| SWAPPING to +9 vampiric broad axe.
 32661 | Swamp:1  | Received a gift from Okawaru
 32662 | Swamp:1  | Noticed Kirke
 32671 | Swamp:1  | 32671 ||| DRINKING 2 potions of cancellation.
 32674 | Swamp:1  | 32674 ||| Stepping ~*~*~tactically~*~*~ (stealth).
 32675 | Swamp:1  | 32675 ||| Stepping ~*~*~tactically~*~*~ (stealth).
 32677 | Swamp:1  | 32677 ||| INVOKING Heroism.
 32684 | Swamp:1  | Killed Kirke
 32735 | Swamp:1  | 32735 ||| Stepping ~*~*~tactically~*~*~ (stealth).
 32827 | Swamp:1  | 32827 ||| UPGRADING to +0 pair of gloves.
 32832 | Swamp:1  | 32832 ||| DROPPING +4 ring of protection.
 32855 | Swamp:2  | 32855 ||| INVOKING Heroism.
 32856 | Swamp:2  | 32856 ||| STAIRDANCE
 32858 | Swamp:1  | 32858 ||| SWAPPING to +1 war axe of flaming.
 32863 | Swamp:1  | Received a gift from Okawaru
 32864 | Swamp:1  | 32864 ||| SWAPPING to +9 vampiric broad axe.
 32914 | Swamp:2  | 32914 ||| Stepping ~*~*~tactically~*~*~ (hiding).
 33012 | Swamp:2  | 33012 ||| INVOKING Heroism.
 33056 | Swamp:2  | Paralysed by a Zot trap for 2 turns
 33071 | Swamp:2  | Reached XP level 18. HP: 116/116 MP: 25/25
 33071 | Swamp:2  | 33071 ||| DROPPING +1 war axe of flaming.
 33145 | Swamp:2  | 33145 ||| Stepping ~*~*~tactically~*~*~ (hiding).
 33146 | Swamp:2  | 33146 ||| Stepping ~*~*~tactically~*~*~ (hiding).
 33148 | Swamp:2  | 33148 ||| INVOKING Heroism.
 33180 | Swamp:2  | 33180 ||| Stepping ~*~*~tactically~*~*~ (hiding).
 33181 | Swamp:2  | 33181 ||| INVOKING Heroism.
 33245 | Swamp:2  | 33245 ||| Stepping ~*~*~tactically~*~*~ (hiding).
 33249 | Swamp:2  | 33249 ||| Stepping ~*~*~tactically~*~*~ (hiding).
 33253 | Swamp:2  | Received a gift from Okawaru
 33366 | Swamp:2  | 33366 ||| Stepping ~*~*~tactically~*~*~ (stealth).
 33499 | Swamp:2  | 33499 ||| Stepping ~*~*~tactically~*~*~ (stealth).
 33501 | Swamp:2  | 33501 ||| Stepping ~*~*~tactically~*~*~ (hiding).
 33674 | Swamp:2  | 33674 ||| DROPPING +3 plate armour of poison resistance.
 33675 | Swamp:2  | 33675 ||| UPGRADING to +1 pair of gloves.
 33685 | Swamp:2  | 33685 ||| DROPPING +0 pair of gloves.
 33698 | Swamp:3  | 33698 ||| INVOKING Heroism.
 33704 | Swamp:3  | 33704 ||| FLEEEEING.
 33705 | Swamp:3  | 33705 ||| STAIRDANCE
 33973 | Swamp:3  | 33973 ||| INVOKING Heroism.
 34024 | Swamp:3  | 34024 ||| Stepping ~*~*~tactically~*~*~ (stealth).
 34025 | Swamp:3  | 34025 ||| Stepping ~*~*~tactically~*~*~ (stealth).
 34026 | Swamp:3  | 34026 ||| Stepping ~*~*~tactically~*~*~ (stealth).
 34027 | Swamp:3  | 34027 ||| Stepping ~*~*~tactically~*~*~ (stealth).
 34097 | Swamp:3  | 34097 ||| Stepping ~*~*~tactically~*~*~ (stealth).
 34127 | Swamp:3  | 34127 ||| Stepping ~*~*~tactically~*~*~ (hiding).
 34132 | Swamp:3  | 34132 ||| INVOKING Heroism.
 34231 | Swamp:3  | 34231 ||| INVOKING Heroism.
 34233 | Swamp:3  | 34233 ||| Stepping ~*~*~tactically~*~*~ (hiding).
 34236 | Swamp:3  | 34236 ||| Stepping ~*~*~tactically~*~*~ (hiding).
 34247 | Swamp:3  | 34247 ||| Stepping ~*~*~tactically~*~*~ (cloud).
 34393 | Swamp:3  | 34393 ||| INVOKING Heroism.
 34459 | Swamp:3  | 34459 ||| FLEEEEING.
 34521 | Swamp:3  | 34521 ||| INVOKING Heroism.
 34759 | Swamp:3  | 34759 ||| PLANNING SPIDER:4
 34953 | Spider:4 | Entered Level 4 of the Spider Nest
 34958 | Spider:4 | 34958 ||| STAIRDANCE
 34968 | Spider:4 | 34968 ||| STAIRDANCE
 35002 | Spider:4 | 35002 ||| FLEEEEING.
 35003 | Spider:4 | 35003 ||| FLEEEEING.
 35004 | Spider:4 | 35004 ||| STAIRDANCE
 35008 | Spider:4 | 35008 ||| STAIRDANCE
 35045 | Spider:4 | Received a gift from Okawaru
 35359 | Spider:4 | 35359 ||| Stepping ~*~*~tactically~*~*~ (stealth).
 35428 | Spider:4 | Noticed Donald
 35429 | Spider:4 | 35429 ||| Stepping ~*~*~tactically~*~*~ (stealth).
 35432 | Spider:4 | 35432 ||| INVOKING Heroism.
 35434 | Spider:4 | 35434 ||| INVOKING Finesse.
 35460 | Spider:4 | Killed Donald
 35559 | Spider:4 | 35559 ||| Stepping ~*~*~tactically~*~*~ (stealth).
 35562 | Spider:4 | 35562 ||| INVOKING Heroism.
 35573 | Spider:4 | Received a gift from Okawaru
 35581 | Spider:4 | 35581 ||| Stepping ~*~*~tactically~*~*~ (stealth).
 35583 | Spider:4 | 35583 ||| Stepping ~*~*~tactically~*~*~ (hiding).
 35584 | Spider:4 | 35584 ||| INVOKING Finesse.
 35623 | Spider:4 | 35623 ||| Stepping ~*~*~tactically~*~*~ (stealth).
 35628 | Spider:4 | 35628 ||| Stepping ~*~*~tactically~*~*~ (stealth).
 35629 | Spider:4 | 35629 ||| Stepping ~*~*~tactically~*~*~ (hiding).
 35630 | Spider:4 | 35630 ||| Stepping ~*~*~tactically~*~*~ (hiding).
 35637 | Spider:4 | 35637 ||| INVOKING Heroism.
 35645 | Spider:4 | 35645 ||| INVOKING Finesse.
 35671 | Spider:4 | 35671 ||| Stepping ~*~*~tactically~*~*~ (stealth).
 35687 | Spider:4 | Reached skill level 15 in Fighting
 35688 | Spider:4 | 35688 ||| Stepping ~*~*~tactically~*~*~ (stealth).
 35691 | Spider:4 | 35691 ||| Stepping randomly (disturbance).
 35692 | Spider:4 | 35692 ||| Stepping randomly (disturbance).
 35704 | Spider:4 | 35704 ||| Stepping ~*~*~tactically~*~*~ (stealth).
 35730 | Spider:4 | 35730 ||| Stepping randomly (disturbance).
 35731 | Spider:4 | 35731 ||| Stepping randomly (disturbance).
 35735 | Spider:4 | 35735 ||| Stepping ~*~*~tactically~*~*~ (stealth).
 35736 | Spider:4 | 35736 ||| Stepping ~*~*~tactically~*~*~ (stealth).
 35737 | Spider:4 | 35737 ||| Stepping ~*~*~tactically~*~*~ (stealth).
 35738 | Spider:4 | 35738 ||| Stepping ~*~*~tactically~*~*~ (stealth).
 35942 | Spider:4 | 35942 ||| Stepping ~*~*~tactically~*~*~ (stealth).
 35998 | Spider:4 | Got a gossamer rune of Zot
 36269 | Spider:4 | 36269 ||| Stepping ~*~*~tactically~*~*~ (hiding).
 36303 | Spider:4 | 36303 ||| INVOKING Finesse.
 36308 | Spider:4 | Received a gift from Okawaru
 36316 | Spider:4 | Reached skill level 18 in Armour
 36353 | Spider:4 | 36353 ||| Stepping ~*~*~tactically~*~*~ (stealth).
 36354 | Spider:4 | 36354 ||| Stepping ~*~*~tactically~*~*~ (stealth).
 36355 | Spider:4 | 36355 ||| Stepping ~*~*~tactically~*~*~ (stealth).
 36443 | Spider:4 | 36443 ||| INVOKING Heroism.
 36450 | Spider:4 | 36450 ||| INVOKING Finesse.
 36454 | Spider:4 | 36454 ||| Stepping ~*~*~tactically~*~*~ (hiding).
 36464 | Spider:4 | 36464 ||| UPGRADING to +2 kite shield.
 36474 | Spider:4 | 36474 ||| DROPPING +0 kite shield.
 36475 | Spider:4 | 36475 ||| DROPPING scarf of repulsion.
 36494 | Spider:4 | 36494 ||| INVOKING Finesse.
 36755 | Spider:4 | 36755 ||| PLANNING VAULTS:1-4
 37038 | Vaults:1 | Entered Level 1 of the Vaults
 37043 | Vaults:1 | 37043 ||| INVOKING Heroism.
 37054 | Vaults:1 | Received a gift from Okawaru
 37216 | Vaults:1 | 37216 ||| INVOKING Heroism.
 37226 | Vaults:1 | Received a gift from Okawaru
 37232 | Vaults:1 | Reached skill level 15 in Shields
 37232 | Vaults:1 | Reached XP level 19. HP: 123/124 MP: 26/26
 37264 | Vaults:1 | 37264 ||| Stepping ~*~*~tactically~*~*~ (stealth).
 37331 | Vaults:1 | Received a gift from Okawaru
 37475 | Vaults:1 | 37475 ||| Stepping ~*~*~tactically~*~*~ (stealth).
 37477 | Vaults:1 | 37477 ||| INVOKING Heroism.
 37480 | Vaults:1 | 37480 ||| Stepping ~*~*~tactically~*~*~ (stealth).
 37513 | Vaults:1 | 37513 ||| Stepping ~*~*~tactically~*~*~ (hiding).
 37528 | Vaults:1 | 37528 ||| Stepping ~*~*~tactically~*~*~ (stealth).
 37529 | Vaults:1 | 37529 ||| Stepping ~*~*~tactically~*~*~ (stealth).
 37534 | Vaults:1 | 37534 ||| INVOKING Heroism.
 37537 | Vaults:1 | Reached skill level 9 in Throwing
 37635 | Vaults:1 | Received a gift from Okawaru
 37788 | Vaults:1 | 37788 ||| Stepping ~*~*~tactically~*~*~ (hiding).
 37789 | Vaults:1 | 37789 ||| Stepping ~*~*~tactically~*~*~ (hiding).
 37793 | Vaults:1 | 37793 ||| INVOKING Heroism.
 37844 | Vaults:1 | Reached skill level 16 in Fighting
 37851 | Vaults:1 | 37851 ||| INVOKING Heroism.
 37852 | Vaults:1 | 37852 ||| INVOKING Finesse.
 37900 | Vaults:1 | Received a gift from Okawaru
 38204 | Vaults:1 | 38204 ||| Stepping ~*~*~tactically~*~*~ (stealth).
 38206 | Vaults:1 | 38206 ||| INVOKING Heroism.
 38247 | Vaults:1 | 38247 ||| Stepping ~*~*~tactically~*~*~ (stealth).
 38280 | Vaults:1 | 38280 ||| Stepping ~*~*~tactically~*~*~ (hiding).
 38460 | Vaults:1 | 38460 ||| INVOKING Heroism.
 38461 | Vaults:1 | 38461 ||| Stepping ~*~*~tactically~*~*~ (hiding).
 38956 | Vaults:1 | Found Taca's Assorted Antiques.
 38962 | Vaults:1 | 38962 ||| BUYING glowing scarf (376 gold).
 38962 | Vaults:1 | Bought a glowing scarf for 376 gold pieces
 38962 | Vaults:1 | 38962 ||| BUYING scroll of teleportation (141 gold).
 38962 | Vaults:1 | Bought a scroll of teleportation for 141 gold pieces
 38962 | Vaults:1 | 38962 ||| BUYING scroll of teleportation (141 gold).
 38962 | Vaults:1 | Bought a scroll of teleportation for 141 gold pieces
 38988 | Vaults:1 | 38988 ||| Stepping ~*~*~tactically~*~*~ (stealth).
 38991 | Vaults:1 | 38991 ||| Stepping ~*~*~tactically~*~*~ (stealth).
 39027 | Vaults:1 | 39027 ||| INVOKING Heroism.
 39174 | Vaults:1 | 39174 ||| UPGRADING to +0 tower shield.
 39184 | Vaults:1 | 39184 ||| DROPPING +2 kite shield.
 39185 | Vaults:1 | 39185 ||| DROPPING scarf of harm.
 39186 | Vaults:1 | 39186 ||| DROPPING scarf of shadows.
 39230 | Vaults:2 | 39230 ||| INVOKING Heroism.
 39255 | Vaults:2 | HP: 29/127 [white very ugly thing (25)]
 39256 | Vaults:2 | 39256 ||| READING 14 scrolls of teleportation.
 39257 | Vaults:2 | 39257 ||| DRINKING 2 potions of heal wounds.
 39295 | Vaults:2 | 39295 ||| Stepping ~*~*~tactically~*~*~ (hiding).
 39296 | Vaults:2 | 39296 ||| Stepping ~*~*~tactically~*~*~ (hiding).
 39297 | Vaults:2 | 39297 ||| Stepping ~*~*~tactically~*~*~ (hiding).
 39301 | Vaults:2 | 39301 ||| INVOKING Heroism.
 39368 | Vaults:2 | 39368 ||| Stepping ~*~*~tactically~*~*~ (hiding).
 39383 | Vaults:2 | 39383 ||| INVOKING Heroism.
 39404 | Vaults:2 | Reached XP level 20. HP: 132/132 MP: 27/27
 39624 | Vaults:2 | 39624 ||| Stepping ~*~*~tactically~*~*~ (hiding).
 39643 | Vaults:2 | 39643 ||| INVOKING Heroism.
 39647 | Vaults:2 | 39647 ||| Stepping ~*~*~tactically~*~*~ (hiding).
 39648 | Vaults:2 | 39648 ||| Stepping ~*~*~tactically~*~*~ (hiding).
 39664 | Vaults:2 | Identified the +3 sling "Waidequg" {flame, rF+} (Okawaru
                  | gifted it to you on level 2 of the Vaults)
 39664 | Vaults:2 | Received a gift from Okawaru
 40023 | Vaults:2 | 40023 ||| Stepping ~*~*~tactically~*~*~ (hiding).
 40044 | Vaults:2 | 40044 ||| Stepping ~*~*~tactically~*~*~ (stealth).
 40047 | Vaults:2 | 40047 ||| Stepping ~*~*~tactically~*~*~ (stealth).
 40147 | Vaults:2 | 40147 ||| Stepping ~*~*~tactically~*~*~ (hiding).
 40150 | Vaults:2 | 40150 ||| Stepping ~*~*~tactically~*~*~ (hiding).
 40151 | Vaults:2 | 40151 ||| Stepping ~*~*~tactically~*~*~ (hiding).
 40152 | Vaults:2 | 40152 ||| Stepping ~*~*~tactically~*~*~ (hiding).
 40153 | Vaults:2 | 40153 ||| Stepping ~*~*~tactically~*~*~ (hiding).
 40346 | Vaults:2 | 40346 ||| Stepping ~*~*~tactically~*~*~ (hiding).
 40353 | Vaults:2 | 40353 ||| Stepping ~*~*~tactically~*~*~ (hiding).
 40356 | Vaults:2 | 40356 ||| Stepping ~*~*~tactically~*~*~ (hiding).
 40357 | Vaults:2 | 40357 ||| Stepping ~*~*~tactically~*~*~ (hiding).
 40358 | Vaults:2 | 40358 ||| Stepping ~*~*~tactically~*~*~ (hiding).
 40360 | Vaults:2 | 40360 ||| Stepping ~*~*~tactically~*~*~ (hiding).
 40499 | Vaults:2 | 40499 ||| INVOKING Heroism.
 40722 | Vaults:2 | Found a transporter.
 40760 | Vaults:2 | Found a transporter.
 40919 | Vaults:2 | 40919 ||| FLEEEEING.
 41106 | Vaults:3 | 41106 ||| INVOKING Heroism.
 41372 | Vaults:3 | Reached skill level 18 in Shields
 41392 | Vaults:3 | 41392 ||| Stepping ~*~*~tactically~*~*~ (hiding).
 41393 | Vaults:3 | 41393 ||| Stepping ~*~*~tactically~*~*~ (hiding).
 41403 | Vaults:3 | 41403 ||| Stepping ~*~*~tactically~*~*~ (hiding).
 41409 | Vaults:3 | 41409 ||| Stepping ~*~*~tactically~*~*~ (hiding).
 41524 | Vaults:3 | 41524 ||| INVOKING Heroism.
 41535 | Vaults:3 | Received a gift from Okawaru
 41554 | Vaults:3 | 41554 ||| Stepping ~*~*~tactically~*~*~ (hiding).
 41557 | Vaults:3 | 41557 ||| INVOKING Heroism.
 41679 | Vaults:3 | 41679 ||| Stepping ~*~*~tactically~*~*~ (hiding).
 41788 | Vaults:3 | 41788 ||| FLEEEEING.
 41789 | Vaults:3 | 41789 ||| FLEEEEING.
 41790 | Vaults:3 | 41790 ||| FLEEEEING.
 41791 | Vaults:3 | 41791 ||| FLEEEEING.
 41806 | Vaults:3 | 41806 ||| FLEEEEING.
 41807 | Vaults:3 | 41807 ||| FLEEEEING.
 41808 | Vaults:3 | 41808 ||| FLEEEEING.
 41809 | Vaults:3 | 41809 ||| FLEEEEING.
 41904 | Vaults:3 | 41904 ||| Stepping ~*~*~tactically~*~*~ (stealth).
 41905 | Vaults:3 | 41905 ||| Stepping ~*~*~tactically~*~*~ (stealth).
 41906 | Vaults:3 | 41906 ||| Stepping ~*~*~tactically~*~*~ (stealth).
 41907 | Vaults:3 | 41907 ||| Stepping ~*~*~tactically~*~*~ (stealth).
 41908 | Vaults:3 | 41908 ||| Stepping ~*~*~tactically~*~*~ (stealth).
 41913 | Vaults:3 | Received a gift from Okawaru
 41916 | Vaults:3 | 41916 ||| INVOKING Heroism.
 41971 | Vaults:3 | 41971 ||| INVOKING Heroism.
 41973 | Vaults:3 | 41973 ||| Stepping ~*~*~tactically~*~*~ (stealth).
 42007 | Vaults:3 | Reached skill level 17 in Fighting
 42019 | Vaults:3 | 42019 ||| Stepping ~*~*~tactically~*~*~ (hiding).
 42237 | Vaults:3 | Found a staircase to the Crypt.
 42237 | Vaults:3 | Found a basalt altar of Yredelemnul.
 42238 | Vaults:3 | Found an ancient bone altar of Kikubaaqudgha.
 42306 | Vaults:3 | 42306 ||| INVOKING Heroism.
 42421 | Vaults:3 | Received a gift from Okawaru
 42481 | Vaults:3 | 42481 ||| INVOKING Heroism.
 42590 | Vaults:3 | 42590 ||| FLEEEEING.
 42591 | Vaults:3 | 42591 ||| FLEEEEING.
 42592 | Vaults:3 | 42592 ||| FLEEEEING.
 42593 | Vaults:3 | 42593 ||| FLEEEEING.
 42597 | Vaults:3 | 42597 ||| INVOKING Heroism.
 42992 | Vaults:3 | 42992 ||| FLEEEEING.
 42996 | Vaults:3 | 42996 ||| FLEEEEING.
 42997 | Vaults:3 | 42997 ||| FLEEEEING.
 42998 | Vaults:3 | 42998 ||| FLEEEEING.
 42999 | Vaults:3 | 42999 ||| FLEEEEING.
 43005 | Vaults:3 | 43005 ||| FLEEEEING.
 43006 | Vaults:3 | 43006 ||| FLEEEEING.
 43007 | Vaults:3 | 43007 ||| FLEEEEING.
 43008 | Vaults:3 | 43008 ||| FLEEEEING.
 43009 | Vaults:3 | 43009 ||| FLEEEEING.
 43010 | Vaults:3 | 43010 ||| FLEEEEING.
 43011 | Vaults:3 | 43011 ||| FLEEEEING.
 43012 | Vaults:3 | 43012 ||| FLEEEEING.
 43013 | Vaults:3 | 43013 ||| FLEEEEING.
 43015 | Vaults:3 | 43015 ||| FLEEEEING.
 43016 | Vaults:3 | 43016 ||| FLEEEEING.
 43017 | Vaults:3 | 43017 ||| FLEEEEING.
 43018 | Vaults:3 | 43018 ||| FLEEEEING.
 43019 | Vaults:3 | 43019 ||| FLEEEEING.
 43020 | Vaults:3 | 43020 ||| FLEEEEING.
 43021 | Vaults:3 | 43021 ||| FLEEEEING.
 43025 | Vaults:3 | 43025 ||| FLEEEEING.
 43026 | Vaults:3 | 43026 ||| FLEEEEING.
 43027 | Vaults:3 | 43027 ||| FLEEEEING.
 43028 | Vaults:3 | 43028 ||| FLEEEEING.
 43029 | Vaults:3 | 43029 ||| FLEEEEING.
 43030 | Vaults:3 | 43030 ||| FLEEEEING.
 43346 | Vaults:4 | Noticed Bai Suzhen
 43350 | Vaults:4 | 43350 ||| Stepping ~*~*~tactically~*~*~ (stealth).
 43351 | Vaults:4 | 43351 ||| Stepping ~*~*~tactically~*~*~ (stealth).
 43352 | Vaults:4 | 43352 ||| INVOKING Heroism.
 43372 | Vaults:4 | Paralysed by a great orb of eyes for 4 turns
 43379 | Vaults:4 | Killed Bai Suzhen
 43533 | Vaults:4 | 43533 ||| INVOKING Heroism.
 43534 | Vaults:4 | 43534 ||| INVOKING Finesse.
 43541 | Vaults:4 | Reached XP level 21. HP: 139/139 MP: 20/28
 43691 | Vaults:4 | Received a gift from Okawaru
 43733 | Vaults:4 | 43733 ||| DROPPING +2 broad axe of freezing.
 43823 | Vaults:4 | 43823 ||| INVOKING Heroism.
 43952 | Vaults:4 | 43952 ||| INVOKING Heroism.
 44055 | Vaults:4 | Noticed a dread lich
 44056 | Vaults:4 | 44056 ||| Stepping ~*~*~tactically~*~*~ (hiding).
 44057 | Vaults:4 | 44057 ||| Stepping ~*~*~tactically~*~*~ (hiding).
 44061 | Vaults:4 | 44061 ||| INVOKING Heroism.
 44062 | Vaults:4 | 44062 ||| INVOKING Finesse.
 44065 | Vaults:4 | Killed a dread lich
 44076 | Vaults:4 | 44076 ||| Stepping ~*~*~tactically~*~*~ (hiding).
 44080 | Vaults:4 | 44080 ||| Stepping ~*~*~tactically~*~*~ (hiding).
 44120 | Abyss:2  | Cast into level 2 of the Abyss (a wizard)
 44164 | Abyss:2  | 44164 ||| INVOKING Heroism.
 44170 | Abyss:2  | 44170 ||| Stepping ~*~*~tactically~*~*~ (hiding).
 44274 | Abyss:2  | 44274 ||| Stepping ~*~*~tactically~*~*~ (stealth).
 44275 | Abyss:2  | 44275 ||| Stepping ~*~*~tactically~*~*~ (stealth).
 44284 | Abyss:2  | 44284 ||| Stepping ~*~*~tactically~*~*~ (hiding).
 44286 | Abyss:2  | 44286 ||| INVOKING Heroism.
 44323 | Abyss:2  | Received a gift from Okawaru
 44325 | Abyss:2  | 44325 ||| Stepping ~*~*~tactically~*~*~ (hiding).
 44333 | Abyss:2  | 44333 ||| Stepping ~*~*~tactically~*~*~ (hiding).
 44338 | Abyss:2  | 44338 ||| INVOKING Heroism.
 44364 | Abyss:2  | 44364 ||| Stepping ~*~*~tactically~*~*~ (stealth).
 44439 | Abyss:2  | 44439 ||| INVOKING Heroism.
 44499 | Abyss:2  | 44499 ||| Stepping ~*~*~tactically~*~*~ (stealth).
 44550 | Abyss:2  | 44550 ||| Stepping ~*~*~tactically~*~*~ (stealth).
 44560 | Abyss:2  | 44560 ||| Stepping ~*~*~tactically~*~*~ (stealth).
 44568 | Abyss:2  | 44568 ||| INVOKING Heroism.
 44576 | Abyss:2  | Reached skill level 18 in Fighting
 44581 | Vaults:4 | Escaped the Abyss
 44586 | Vaults:4 | Paralysed by a great orb of eyes for 4 turns
 44949 | Vaults:4 | 44949 ||| Stepping ~*~*~tactically~*~*~ (stealth).
 44951 | Vaults:4 | 44951 ||| Stepping ~*~*~tactically~*~*~ (stealth).
 45142 | Vaults:4 | 45142 ||| Stepping ~*~*~tactically~*~*~ (hiding).
 45145 | Vaults:4 | 45145 ||| Stepping ~*~*~tactically~*~*~ (hiding).
 45252 | Vaults:4 | 45252 ||| PLANNING SWAMP:4
 45252 | Vaults:4 | 45252 ||| DROPPING scarf of harm.
 45541 | Swamp:4  | Entered Level 4 of the Swamp
 45547 | Swamp:4  | 45547 ||| STAIRDANCE
 45615 | Swamp:4  | 45615 ||| Stepping ~*~*~tactically~*~*~ (hiding).
 45688 | Swamp:4  | 45688 ||| Stepping ~*~*~tactically~*~*~ (stealth).
 45689 | Swamp:4  | 45689 ||| Stepping ~*~*~tactically~*~*~ (stealth).
 45723 | Swamp:4  | Identified the +1 robe of Philately {Int+3}
 45772 | Swamp:4  | Reached ****** piety under Okawaru
 45927 | Swamp:4  | 45927 ||| INVOKING Heroism.
 45939 | Swamp:4  | Received a gift from Okawaru
 45951 | Swamp:4  | 45951 ||| Stepping ~*~*~tactically~*~*~ (hiding).
 46005 | Swamp:4  | 46005 ||| Stepping ~*~*~tactically~*~*~ (stealth).
 46014 | Swamp:4  | 46014 ||| INVOKING Heroism.
 46090 | Swamp:4  | 46090 ||| Stepping ~*~*~tactically~*~*~ (stealth).
 46131 | Swamp:4  | Got a decaying rune of Zot
 46165 | Swamp:4  | 46165 ||| INVOKING Heroism.
 46172 | Swamp:4  | Reached skill level 21 in Armour
 46462 | Swamp:4  | 46462 ||| PLANNING DEPTHS
 46693 | Depths:1 | Entered Level 1 of the Depths
 46693 | Depths:1 | Found a gateway to Hell.
 46694 | Depths:1 | 46694 ||| INVOKING Heroism.
 46695 | Depths:1 | 46695 ||| INVOKING Finesse.
 46752 | Depths:1 | 46752 ||| READING scroll of enchant armour.
 46752 | Depths:1 | 46752 ||| ENCHANTING +0 crystal plate armour.
 46805 | Depths:1 | 46805 ||| INVOKING Heroism.
 46996 | Depths:1 | Found a one-way gateway to a ziggurat.
 47011 | Depths:1 | 47011 ||| INVOKING Heroism.
 47050 | Depths:1 | 47050 ||| READING scroll of enchant armour.
 47050 | Depths:1 | 47050 ||| ENCHANTING +1 crystal plate armour.
 47063 | Depths:1 | 47063 ||| Stepping ~*~*~tactically~*~*~ (hiding).
 47067 | Depths:1 | 47067 ||| INVOKING Heroism.
 47068 | Depths:1 | 47068 ||| INVOKING Finesse.
 47178 | Depths:1 | Identified the +4 hand axe of Shame {vorpal, Int+3 Stlth+}
 47215 | Depths:1 | 47215 ||| Stepping ~*~*~tactically~*~*~ (hiding).
 47227 | Depths:1 | 47227 ||| INVOKING Heroism.
 47261 | Depths:1 | 47261 ||| Stepping ~*~*~tactically~*~*~ (stealth).
 47263 | Depths:1 | 47263 ||| Stepping ~*~*~tactically~*~*~ (hiding).
 47424 | Depths:1 | Found a broken altar of Ashenzari.
 47435 | Depths:1 | 47435 ||| Stepping ~*~*~tactically~*~*~ (stealth).
 47449 | Depths:1 | 47449 ||| INVOKING Heroism.
 47452 | Depths:1 | Identified the +7 short sword of Reisk {protect, Dex+2}
                  | (Okawaru gifted it to you on level 1 of the Depths)
 47452 | Depths:1 | Received a gift from Okawaru
 47454 | Depths:1 | Reached XP level 22. HP: 148/148 MP: 26/29
 47726 | Depths:1 | 47726 ||| Stepping ~*~*~tactically~*~*~ (hiding).
 47729 | Depths:1 | 47729 ||| INVOKING Heroism.
 47749 | Depths:1 | 47749 ||| Stepping ~*~*~tactically~*~*~ (hiding).
 47763 | Depths:1 | Reached skill level 19 in Fighting
 47839 | Depths:1 | 47839 ||| Stepping ~*~*~tactically~*~*~ (hiding).
 47840 | Depths:1 | 47840 ||| Stepping ~*~*~tactically~*~*~ (hiding).
 47844 | Depths:1 | 47844 ||| INVOKING Heroism.
 47880 | Depths:1 | Paralysed by a sphinx for 4 turns
 47885 | Depths:1 | 47885 ||| DRINKING 7 potions of curing.
 47885 | Depths:1 | 47885 ||| (to cure confusion)
 47903 | Depths:1 | 47903 ||| DROPPING +8 plate armour of ponderousness.
 47964 | Depths:2 | 47964 ||| STAIRDANCE
 47974 | Depths:2 | 47974 ||| STAIRDANCE
 47982 | Depths:2 | 47982 ||| INVOKING Finesse.
 48056 | Depths:2 | 48056 ||| Stepping ~*~*~tactically~*~*~ (stealth).
 48057 | Depths:2 | 48057 ||| Stepping ~*~*~tactically~*~*~ (stealth).
 48061 | Depths:2 | 48061 ||| Stepping ~*~*~tactically~*~*~ (stealth).
 48063 | Depths:2 | 48063 ||| INVOKING Finesse.
 48074 | Depths:2 | 48074 ||| Stepping ~*~*~tactically~*~*~ (hiding).
 48075 | Depths:2 | 48075 ||| INVOKING Heroism.
 48286 | Depths:2 | 48286 ||| INVOKING Heroism.
 48292 | Depths:2 | 48292 ||| INVOKING Finesse.
 48351 | Depths:2 | 48351 ||| Stepping ~*~*~tactically~*~*~ (hiding).
 48487 | Depths:2 | You are sucked into a shaft and drop 2 floors!
 48487 | Depths:4 | Entered Level 4 of the Depths
 48497 | Depths:4 | 48497 ||| Stepping ~*~*~tactically~*~*~ (stealth).
 48502 | Depths:4 | 48502 ||| INVOKING Heroism.
 48511 | Depths:4 | Received a gift from Okawaru
 48513 | Depths:4 | HP: 28/149 [balrug/divine providence (17)]
 48514 | Depths:4 | 48514 ||| READING 16 scrolls of teleportation.
 48515 | Depths:4 | 48515 ||| DRINKING 3 potions of heal wounds.
 48516 | Depths:4 | 48516 ||| DRINKING 2 potions of heal wounds.
 48517 | Depths:4 | 48517 ||| DRINKING potion of heal wounds.
 48823 | Depths:4 | 48823 ||| Stepping ~*~*~tactically~*~*~ (stealth).
 48831 | Depths:4 | 48831 ||| Stepping ~*~*~tactically~*~*~ (hiding).
 48842 | Depths:4 | 48842 ||| INVOKING Heroism.
 48922 | Depths:4 | 48922 ||| Stepping ~*~*~tactically~*~*~ (hiding).
 48931 | Depths:4 | 48931 ||| INVOKING Heroism.
 49095 | Depths:3 | 49095 ||| PLANNING BAZAAR
 49095 | Depths:3 | 49095 ||| INVOKING Heroism.
 49119 | Depths:3 | Received a gift from Okawaru
 49156 | Depths:3 | 49156 ||| INVOKING Heroism.
 49157 | Depths:3 | 49157 ||| INVOKING Finesse.
 49216 | Depths:3 | 49216 ||| Stepping ~*~*~tactically~*~*~ (stealth).
 49218 | Depths:3 | 49218 ||| INVOKING Heroism.
 49356 | Depths:3 | Found Zusytsecs's Antique Weapon Boutique.
 49373 | Depths:3 | 49373 ||| INVOKING Heroism.
 49374 | Depths:3 | 49374 ||| Stepping ~*~*~tactically~*~*~ (stealth).
 49382 | Depths:3 | 49382 ||| INVOKING Finesse.
 49449 | Depths:3 | 49449 ||| INVOKING Heroism.
 49462 | Depths:3 | Identified the +5 crystal plate armour of the Cuttlefish
                  | {rN+ Int+4 Stlth+} (Okawaru gifted it to you on level 3 of
                  | the Depths)
 49462 | Depths:3 | Received a gift from Okawaru
 49486 | Depths:3 | Found a flickering gateway to a bazaar.
 49487 | Depths:3 | 49487 ||| DROPPING +2 plate armour of fire resistance.
 49488 | Depths:3 | 49488 ||| UPGRADING to +5 crystal plate armour of the
                  | Cuttlefish {rN+ Int+4 Stlth+}.
 49498 | Depths:3 | 49498 ||| DROPPING +2 crystal plate armour.
 49499 | Depths:3 | 49499 ||| DROPPING +2 plate armour of cold resistance.
 49505 | Bazaar   | Entered a bazaar
 49507 | Bazaar   | Found Dafuziost's Weapon Boutique.
 49511 | Bazaar   | Found Lelongakour's Magic Scroll Boutique.
 49511 | Bazaar   | Found Vome's Armour Boutique.
 49512 | Bazaar   | Found Zoinel's Armour Boutique.
 49520 | Bazaar   | 49520 ||| BUYING 2 scrolls of enchant armour (255 gold).
 49520 | Bazaar   | Bought 2 scrolls of enchant armour for 255 gold pieces
 49520 | Bazaar   | 49520 ||| BUYING scroll of enchant weapon (127 gold).
 49520 | Bazaar   | Bought a scroll of enchant weapon for 127 gold pieces
 49520 | Bazaar   | 49520 ||| READING 2 scrolls of enchant armour.
 49520 | Bazaar   | 49520 ||| ENCHANTING +1 pair of gloves.
 49521 | Bazaar   | 49521 ||| READING scroll of enchant armour.
 49521 | Bazaar   | 49521 ||| ENCHANTING +1 pair of boots.
 49527 | Bazaar   | 49527 ||| BUYING +1 pair of gloves of dexterity (231 gold).
 49527 | Bazaar   | Bought a +1 pair of gloves of dexterity for 231 gold pieces
 49535 | Bazaar   | 49535 ||| UPGRADING to +1 pair of gloves of dexterity.
 49545 | Bazaar   | 49545 ||| DROPPING +2 pair of gloves.
 49550 | Depths:3 | 49550 ||| PLANNING DEPTHS
 49579 | Depths:2 | 49579 ||| Stepping ~*~*~tactically~*~*~ (hiding).
 49620 | Depths:2 | Identified the +6 long sword "Cioratosoz" {vamp, *Noise
                  | rCorr MP+9}
 49641 | Depths:2 | 49641 ||| Stepping ~*~*~tactically~*~*~ (hiding).
 49682 | Depths:2 | 49682 ||| Stepping ~*~*~tactically~*~*~ (hiding).
 49697 | Depths:2 | 49697 ||| Stepping ~*~*~tactically~*~*~ (hiding).
 49726 | Depths:2 | 49726 ||| FLEEEEING.
 49766 | Depths:2 | Found a one-way gate leading to the halls of Pandemonium.
 49870 | Depths:2 | 49870 ||| INVOKING Finesse.
 49937 | Depths:2 | Reached skill level 6 in Dodging
 50078 | Depths:2 | 50078 ||| INVOKING Heroism.
 50138 | Depths:2 | 50138 ||| Stepping ~*~*~tactically~*~*~ (stealth).
 50140 | Depths:2 | 50140 ||| Stepping ~*~*~tactically~*~*~ (hiding).
 50188 | Depths:2 | 50188 ||| Stepping ~*~*~tactically~*~*~ (hiding).
 50530 | Depths:3 | 50530 ||| DRINKING 7 potions of curing.
 50530 | Depths:3 | 50530 ||| (to cure confusion)
 50601 | Depths:3 | 50601 ||| INVOKING Heroism.
 50639 | Depths:3 | Found an opulent altar of Gozag.
 50783 | Depths:3 | 50783 ||| Stepping ~*~*~tactically~*~*~ (stealth).
 50784 | Depths:3 | 50784 ||| INVOKING Heroism.
 50785 | Depths:3 | 50785 ||| INVOKING Finesse.
 50799 | Depths:3 | 50799 ||| Stepping ~*~*~tactically~*~*~ (hiding).
 50801 | Depths:3 | 50801 ||| Stepping ~*~*~tactically~*~*~ (hiding).
 50821 | Depths:3 | Reached skill level 20 in Fighting
 50981 | Depths:3 | Found Orulaghexu's Magic Scroll Boutique.
 50987 | Depths:3 | 50987 ||| INVOKING Heroism.
 50988 | Depths:3 | 50988 ||| INVOKING Finesse.
 51026 | Depths:3 | 51026 ||| BUYING scroll of brand weapon (114 gold).
 51026 | Depths:3 | Bought a scroll of brand weapon for 114 gold pieces
 51026 | Depths:3 | 51026 ||| BUYING scroll of enchant armour (90 gold).
 51026 | Depths:3 | Bought a scroll of enchant armour for 90 gold pieces
 51026 | Depths:3 | 51026 ||| READING scroll of enchant armour.
 51026 | Depths:3 | 51026 ||| ENCHANTING +1 pair of gloves of dexterity.
 51035 | Depths:3 | 51035 ||| Stepping ~*~*~tactically~*~*~ (hiding).
 51043 | Depths:3 | 51043 ||| INVOKING Heroism.
 51068 | Depths:3 | 51068 ||| Stepping ~*~*~tactically~*~*~ (hiding).
 51195 | Abyss:2  | Cast into level 2 of the Abyss (a wizard)
 51299 | Abyss:2  | 51299 ||| INVOKING Heroism.
 51300 | Abyss:2  | 51300 ||| INVOKING Finesse.
 51311 | Depths:3 | Escaped the Abyss
 51318 | Depths:3 | 51318 ||| Stepping ~*~*~tactically~*~*~ (stealth).
 51319 | Depths:3 | 51319 ||| Stepping ~*~*~tactically~*~*~ (stealth).
 51372 | Depths:3 | 51372 ||| Stepping ~*~*~tactically~*~*~ (stealth).
 51380 | Depths:3 | 51380 ||| DRINKING 6 potions of curing.
 51380 | Depths:3 | 51380 ||| (to cure confusion)
 51381 | Depths:3 | 51381 ||| INVOKING Heroism.
 51382 | Depths:3 | 51382 ||| INVOKING Finesse.
 51386 | Depths:3 | Paralysed by a sphinx for 4 turns
 51393 | Depths:3 | Reached XP level 23. HP: 82/156 MP: 24/30
 51396 | Depths:3 | Reached skill level 21 in Shields
 51590 | Depths:3 | Found a one-way gate to the infinite horrors of the Abyss.
 51712 | Depths:4 | 51712 ||| INVOKING Heroism.
 51724 | Depths:4 | 51724 ||| Stepping ~*~*~tactically~*~*~ (hiding).
 51729 | Depths:4 | 51729 ||| FLEEEEING.
 51740 | Depths:4 | 51740 ||| Stepping ~*~*~tactically~*~*~ (cloud).
 51768 | Depths:4 | Found a gate to the Realm of Zot.
 51801 | Depths:4 | 51801 ||| READING 19 scrolls of teleportation.
 51804 | Depths:4 | 51804 ||| INVOKING Heroism.
 51852 | Depths:4 | 51852 ||| INVOKING Heroism.
 52165 | Depths:4 | Identified the +0 pair of gloves of Bepi {Regen+}
 52453 | Depths:4 | 52453 ||| DRINKING 5 potions of curing.
 52453 | Depths:4 | 52453 ||| (to cure confusion)
 52567 | Depths:4 | 52567 ||| DROPPING +0 pair of gloves of Bepi {Regen+}.
 52568 | Depths:4 | 52568 ||| READING 18 scrolls of teleportation.
 52627 | Depths:4 | 52627 ||| READING 17 scrolls of teleportation.
 52642 | Depths:4 | 52642 ||| READING 16 scrolls of teleportation.
 52693 | Depths:4 | 52693 ||| READING 15 scrolls of teleportation.
 52715 | Depths:4 | 52715 ||| Stepping ~*~*~tactically~*~*~ (hiding).
 52770 | Depths:4 | 52770 ||| READING 14 scrolls of teleportation.
 52837 | Depths:4 | 52837 ||| READING 13 scrolls of teleportation.
 52953 | Depths:4 | 52953 ||| PLANNING VAULTS:5
 53197 | Vaults:5 | Entered Level 5 of the Vaults
 53198 | Vaults:5 | 53198 ||| INVOKING Heroism.
 53199 | Vaults:5 | 53199 ||| STAIRDANCE
 53215 | Vaults:5 | 53215 ||| STAIRDANCE
 53235 | Vaults:5 | 53235 ||| STAIRDANCE
 53241 | Vaults:4 | Received a gift from Okawaru
 53253 | Vaults:4 | Identified the +2 sling of Certain Death {flame, Dex+4}
 53254 | Vaults:4 | 53254 ||| Stepping ~*~*~tactically~*~*~ (stealth).
 53255 | Vaults:4 | 53255 ||| Stepping ~*~*~tactically~*~*~ (stealth).
 53258 | Vaults:4 | 53258 ||| Stepping ~*~*~tactically~*~*~ (stealth).
 53265 | Vaults:5 | 53265 ||| STAIRDANCE
 53267 | Vaults:4 | 53267 ||| INVOKING Heroism.
 53271 | Vaults:4 | Reached skill level 21 in Fighting
 53277 | Vaults:4 | 53277 ||| Stepping ~*~*~tactically~*~*~ (hiding).
 53278 | Vaults:4 | 53278 ||| Stepping ~*~*~tactically~*~*~ (hiding).
 53395 | Vaults:5 | 53395 ||| STAIRDANCE
 53397 | Vaults:4 | 53397 ||| INVOKING Heroism.
 53426 | Vaults:5 | 53426 ||| STAIRDANCE
 53431 | Vaults:4 | Received a gift from Okawaru
 53439 | Vaults:5 | 53439 ||| STAIRDANCE
 53441 | Vaults:4 | 53441 ||| INVOKING Heroism.
 53442 | Vaults:4 | 53442 ||| INVOKING Finesse.
 53488 | Vaults:5 | 53488 ||| STAIRDANCE
 53502 | Vaults:4 | Reached skill level 12 in Throwing
 53509 | Vaults:5 | 53509 ||| INVOKING Heroism.
 53516 | Vaults:5 | 53516 ||| STAIRDANCE
 53518 | Vaults:4 | 53518 ||| INVOKING Finesse.
 53632 | Vaults:5 | 53632 ||| STAIRDANCE
 53634 | Vaults:4 | 53634 ||| INVOKING Heroism.
 53635 | Vaults:4 | 53635 ||| INVOKING Finesse.
 53729 | Vaults:5 | Noticed a golden dragon
 53730 | Vaults:5 | 53730 ||| STAIRDANCE
 53732 | Vaults:4 | 53732 ||| INVOKING Heroism.
 53733 | Vaults:4 | 53733 ||| INVOKING Finesse.
 53779 | Vaults:5 | 53779 ||| STAIRDANCE
 53797 | Vaults:5 | 53797 ||| INVOKING Heroism.
 53798 | Vaults:5 | 53798 ||| STAIRDANCE
 53831 | Vaults:5 | 53831 ||| STAIRDANCE
 53833 | Vaults:4 | 53833 ||| INVOKING Heroism.
 53878 | Vaults:5 | 53878 ||| STAIRDANCE
 53880 | Vaults:4 | 53880 ||| INVOKING Heroism.
 53881 | Vaults:4 | 53881 ||| INVOKING Finesse.
 53889 | Vaults:4 | Killed a golden dragon
 53889 | Vaults:4 | Received a gift from Okawaru
 53925 | Vaults:5 | 53925 ||| STAIRDANCE
 53945 | Vaults:5 | 53945 ||| INVOKING Heroism.
 53966 | Vaults:5 | 53966 ||| INVOKING Finesse.
 53970 | Vaults:5 | 53970 ||| Stepping ~*~*~tactically~*~*~ (hiding).
 53971 | Vaults:5 | 53971 ||| Stepping ~*~*~tactically~*~*~ (hiding).
 53976 | Vaults:5 | Received a gift from Okawaru
 53979 | Vaults:5 | Noticed a golden dragon
 53980 | Vaults:5 | 53980 ||| INVOKING Heroism.
 54005 | Vaults:5 | Killed a golden dragon
 54015 | Vaults:5 | Identified the +1 robe "Ralo Udu" {+Blink Str-5 Int+7}
 54037 | Vaults:5 | Reached skill level 22 in Fighting
 54049 | Vaults:5 | Reached XP level 24. HP: 129/166 MP: 30/30
 54074 | Vaults:5 | 54074 ||| INVOKING Heroism.
 54091 | Vaults:5 | Received a gift from Okawaru
 54254 | Vaults:5 | Identified the +0 scale mail "Nufe Suh" {MP+9 Str+3}
 54375 | Vaults:5 | Got a silver rune of Zot
 54482 | Vaults:5 | 54482 ||| INVOKING Heroism.
 54500 | Vaults:5 | 54500 ||| Stepping ~*~*~tactically~*~*~ (hiding).
 54515 | Vaults:5 | 54515 ||| Stepping ~*~*~tactically~*~*~ (hiding).
 54522 | Vaults:5 | Received a gift from Okawaru
 54559 | Vaults:5 | 54559 ||| FLEEEEING.
 54560 | Vaults:5 | 54560 ||| FLEEEEING.
 54671 | Vaults:5 | Identified the +7 hand axe of Nightmares {protect, Int+2}
 54675 | Vaults:5 | Identified the +1 robe "Put-Me-On" {MP+9}
 54792 | Vaults:5 | Noticed Mennas
 54793 | Vaults:5 | 54793 ||| INVOKING Heroism.
 54794 | Vaults:5 | 54794 ||| INVOKING Finesse.
 54795 | Vaults:5 | 54795 ||| DRINKING 5 potions of curing.
 54795 | Vaults:5 | 54795 ||| (to cure confusion)
 54830 | Vaults:5 | Killed Mennas
 54872 | Vaults:5 | 54872 ||| FLEEEEING.
 54873 | Vaults:5 | 54873 ||| FLEEEEING.
 54874 | Vaults:5 | 54874 ||| FLEEEEING.
 54875 | Vaults:5 | 54875 ||| FLEEEEING.
 54876 | Vaults:5 | 54876 ||| FLEEEEING.
 54877 | Vaults:5 | 54877 ||| FLEEEEING.
 54878 | Vaults:5 | 54878 ||| FLEEEEING.
 54879 | Vaults:5 | 54879 ||| FLEEEEING.
 54880 | Vaults:5 | 54880 ||| FLEEEEING.
 54881 | Vaults:5 | 54881 ||| FLEEEEING.
 54882 | Vaults:5 | 54882 ||| FLEEEEING.
 54883 | Vaults:5 | 54883 ||| FLEEEEING.
 54884 | Vaults:5 | 54884 ||| FLEEEEING.
 54885 | Vaults:5 | 54885 ||| FLEEEEING.
 54886 | Vaults:5 | 54886 ||| FLEEEEING.
 54887 | Vaults:5 | 54887 ||| FLEEEEING.
 54888 | Vaults:5 | 54888 ||| FLEEEEING.
 54889 | Vaults:5 | 54889 ||| FLEEEEING.
 54890 | Vaults:5 | 54890 ||| FLEEEEING.
 54891 | Vaults:5 | 54891 ||| FLEEEEING.
 54892 | Vaults:5 | 54892 ||| FLEEEEING.
 54898 | Vaults:5 | 54898 ||| FLEEEEING.
 54899 | Vaults:5 | 54899 ||| FLEEEEING.
 54900 | Vaults:5 | 54900 ||| FLEEEEING.
 54901 | Vaults:5 | 54901 ||| FLEEEEING.
 54902 | Vaults:5 | 54902 ||| FLEEEEING.
 54903 | Vaults:5 | 54903 ||| FLEEEEING.
 54904 | Vaults:5 | 54904 ||| FLEEEEING.
 54905 | Vaults:5 | 54905 ||| FLEEEEING.
 54906 | Vaults:5 | 54906 ||| FLEEEEING.
 54907 | Vaults:5 | 54907 ||| Stepping ~*~*~tactically~*~*~ (hiding).
 54910 | Vaults:5 | 54910 ||| Stepping ~*~*~tactically~*~*~ (hiding).
 55176 | Vaults:5 | 55176 ||| PLANNING SHOPPING SPREE
 55176 | Vaults:5 | 55176 ||| DROPPING +2 helmet of intelligence.
 55378 | D:8      | 55378 ||| BUYING potion of mutation (112 gold).
 55378 | D:8      | Bought a potion of mutation for 112 gold pieces
 55378 | D:8      | 55378 ||| PLANNING ZOT:1-4
 55649 | Zot:1    | Entered Level 1 of the Realm of Zot
 55671 | Zot:1    | 55671 ||| INVOKING Heroism.
 55711 | Zot:1    | Received a gift from Okawaru
 55792 | Zot:1    | 55792 ||| INVOKING Heroism.
 55855 | Zot:1    | 55855 ||| INVOKING Heroism.
 55872 | Zot:1    | 55872 ||| Stepping ~*~*~tactically~*~*~ (hiding).
 55936 | Zot:1    | 55936 ||| INVOKING Heroism.
 56192 | Zot:1    | 56192 ||| Stepping ~*~*~tactically~*~*~ (hiding).
 56287 | Zot:1    | 56287 ||| Stepping ~*~*~tactically~*~*~ (hiding).
 56297 | Zot:1    | 56297 ||| INVOKING Heroism.
 56441 | Zot:1    | Identified the +8 mace of the Ageless Queens {flame,
                  | *Corrode rElec Will+++ Str+3}
 56654 | Zot:2    | Reached skill level 23 in Fighting
 56676 | Zot:2    | 56676 ||| Stepping ~*~*~tactically~*~*~ (hiding).
 56678 | Zot:2    | 56678 ||| Stepping ~*~*~tactically~*~*~ (hiding).
 56683 | Zot:2    | 56683 ||| INVOKING Heroism.
 56701 | Zot:2    | 56701 ||| Stepping ~*~*~tactically~*~*~ (stealth).
 56702 | Zot:2    | 56702 ||| Stepping ~*~*~tactically~*~*~ (stealth).
 56756 | Zot:2    | 56756 ||| INVOKING Heroism.
 56786 | Zot:2    | 56786 ||| Stepping ~*~*~tactically~*~*~ (hiding).
 56790 | Zot:2    | 56790 ||| INVOKING Heroism.
 56814 | Zot:2    | 56814 ||| Stepping ~*~*~tactically~*~*~ (cloud).
 56909 | Zot:2    | 56909 ||| Stepping ~*~*~tactically~*~*~ (stealth).
 57042 | Zot:2    | 57042 ||| Stepping ~*~*~tactically~*~*~ (stealth).
 57043 | Zot:2    | 57043 ||| Stepping ~*~*~tactically~*~*~ (stealth).
 57055 | Zot:2    | 57055 ||| Stepping ~*~*~tactically~*~*~ (hiding).
 57060 | Zot:2    | 57060 ||| INVOKING Heroism.
 57159 | Zot:2    | 57159 ||| Stepping ~*~*~tactically~*~*~ (stealth).
 57161 | Zot:2    | 57161 ||| INVOKING Heroism.
 57212 | Zot:2    | 57212 ||| INVOKING Heroism.
 57249 | Zot:2    | 57249 ||| INVOKING Heroism.
 57480 | Zot:2    | 57480 ||| FLEEEEING.
 57780 | Zot:3    | 57780 ||| Stepping ~*~*~tactically~*~*~ (hiding).
 57843 | Zot:3    | 57843 ||| INVOKING Heroism.
 57856 | Zot:3    | 57856 ||| Stepping ~*~*~tactically~*~*~ (hiding).
 57868 | Zot:3    | 57868 ||| Stepping ~*~*~tactically~*~*~ (hiding).
 57883 | Zot:3    | 57883 ||| Stepping ~*~*~tactically~*~*~ (hiding).
 57884 | Zot:3    | 57884 ||| Stepping ~*~*~tactically~*~*~ (hiding).
 57927 | Zot:3    | Identified the +8 war axe of Ubeitz {drain, rC+++ Str-2}
                  | (Okawaru gifted it to you on level 3 of the Realm of Zot)
 57927 | Zot:3    | Received a gift from Okawaru
 57931 | Zot:3    | 57931 ||| INVOKING Heroism.
 57950 | Zot:3    | Reached XP level 25. HP: 178/178 MP: 30/30
 58048 | Zot:3    | Reached skill level 24 in Fighting
 58197 | Zot:3    | 58197 ||| Stepping ~*~*~tactically~*~*~ (hiding).
 58198 | Zot:3    | 58198 ||| Stepping ~*~*~tactically~*~*~ (hiding).
 58203 | Zot:3    | 58203 ||| INVOKING Heroism.
 58316 | Zot:3    | 58316 ||| INVOKING Heroism.
 58386 | Zot:3    | 58386 ||| INVOKING Heroism.
 58876 | Zot:3    | 58876 ||| Stepping randomly (disturbance).
 58877 | Zot:3    | 58877 ||| Stepping randomly (disturbance).
 58882 | Zot:3    | Noticed a dread lich
 58893 | Zot:3    | Killed a dread lich
 58899 | Zot:3    | 58899 ||| INVOKING Heroism.
 58908 | Zot:3    | 58908 ||| DRINKING 4 potions of curing.
 58908 | Zot:3    | 58908 ||| (to cure confusion)
 58912 | Zot:3    | Noticed a dread lich
 58929 | Zot:3    | 58929 ||| DRINKING potion of resistance.
 58929 | Zot:3    | Paralysed by something for 3 turns
 58942 | Zot:3    | 58942 ||| INVOKING Heroism.
 58943 | Zot:3    | Killed a dread lich
 59571 | Zot:4    | 59571 ||| INVOKING Heroism.
 59580 | Zot:4    | Identified the +0 ring mail of the Suburbs {+Blink rN+
                  | Str+7} (Okawaru gifted it to you on level 4 of the Realm of
                  | Zot)
 59580 | Zot:4    | Received a gift from Okawaru
 59627 | Zot:4    | 59627 ||| INVOKING Heroism.
 59679 | Zot:4    | 59679 ||| INVOKING Heroism.
 59700 | Zot:4    | Reached skill level 25 in Fighting
 59749 | Zot:4    | 59749 ||| Stepping ~*~*~tactically~*~*~ (stealth).
 59752 | Zot:4    | 59752 ||| Stepping ~*~*~tactically~*~*~ (hiding).
 60397 | Zot:4    | 60397 ||| PLANNING THE SHINING ONE WORSHIP
 60819 | Temple   | Fell from the grace of Okawaru
 60819 | Temple   | Became a worshipper of the Shining One
 60820 | Temple   | 60820 ||| PLANNING CRYPT
 60820 | Temple   | 60820 ||| SWAPPING to +4 war axe of the Candelabrum {venom,
                  | rF+ rC+ Dex-4 SInv}.
 60821 | Temple   | 60821 ||| DROPPING +8 war axe of Ubeitz {drain, rC+++
                  | Str-2}.
 60822 | Temple   | 60822 ||| UPGRADING to +2 cloak of preservation.
 61048 | Crypt:1  | Entered Level 1 of the Crypt
 61169 | Crypt:1  | Reached * piety under the Shining One
 61187 | Crypt:1  | Noticed Margery
 61202 | Crypt:1  | Reached ** piety under the Shining One
 61227 | Crypt:1  | Killed Margery
 61371 | Crypt:1  | Reached *** piety under the Shining One
 61428 | Crypt:1  | Reached skill level 12 in Invocations
 61442 | Crypt:1  | 61442 ||| INVOKING Cleansing Flame.
 61453 | Crypt:1  | Reached **** piety under the Shining One
 61457 | Crypt:1  | 61457 ||| INVOKING Cleansing Flame.
 61528 | Crypt:1  | 61528 ||| Stepping ~*~*~tactically~*~*~ (stealth).
 61559 | Crypt:1  | Identified the +1 tower shield of Ganaygeb {rN+}
 61560 | Crypt:1  | 61560 ||| Stepping ~*~*~tactically~*~*~ (hiding).
 61588 | Crypt:1  | Reached ***** piety under the Shining One
 61649 | Crypt:1  | Found a basalt altar of Yredelemnul.
 61696 | Crypt:1  | 61696 ||| INVOKING Summon Divine Warrior.
 61699 | Crypt:1  | 61699 ||| INVOKING Cleansing Flame.
 61977 | Crypt:1  | Reached XP level 26. HP: 188/188 MP: 33/33
 62372 | Crypt:1  | 62372 ||| UPGRADING to +1 tower shield of Ganaygeb {rN+}.
 62382 | Crypt:1  | 62382 ||| DROPPING +0 tower shield.
 62389 | Crypt:2  | 62389 ||| INVOKING Cleansing Flame.
 62465 | Crypt:2  | 62465 ||| Stepping ~*~*~tactically~*~*~ (stealth).
 62470 | Crypt:2  | Reached ****** piety under the Shining One
 62477 | Crypt:2  | 62477 ||| Stepping ~*~*~tactically~*~*~ (hiding).
 62481 | Crypt:2  | 62481 ||| INVOKING Cleansing Flame.
 62493 | Crypt:2  | 62493 ||| Stepping ~*~*~tactically~*~*~ (hiding).
 62516 | Crypt:2  | 62516 ||| INVOKING Brand Weapon With Holy Wrath.
 62516 | Crypt:2  | Identified a +9 broad axe of holy wrath (a +9 vampiric
                  | broad axe blessed by the Shining One)
 62516 | Crypt:2  | Received a gift from the Shining One
 62517 | Crypt:2  | 62517 ||| SWAPPING to +9 broad axe of holy wrath.
 62518 | Crypt:2  | 62518 ||| DROPPING +0 broad axe.
 62600 | Crypt:2  | 62600 ||| FLEEEEING.
 62604 | Crypt:2  | 62604 ||| FLEEEEING.
 62605 | Crypt:2  | 62605 ||| FLEEEEING.
 62606 | Crypt:2  | 62606 ||| FLEEEEING.
 62607 | Crypt:2  | 62607 ||| FLEEEEING.
 62628 | Crypt:2  | Noticed a royal mummy
 62629 | Crypt:2  | 62629 ||| INVOKING Summon Divine Warrior.
 62630 | Crypt:2  | Noticed Khufu
 62640 | Crypt:2  | 62640 ||| INVOKING Cleansing Flame.
 62645 | Crypt:2  | Killed a royal mummy
 62655 | Crypt:2  | 62655 ||| INVOKING Cleansing Flame.
 62656 | Crypt:2  | 62656 ||| INVOKING Cleansing Flame.
 62658 | Crypt:2  | Killed Khufu
 62975 | Crypt:2  | 62975 ||| DRINKING 5 potions of cancellation.
 63148 | Crypt:2  | 63148 ||| FLEEEEING.
 63149 | Crypt:2  | 63149 ||| FLEEEEING.
 63150 | Crypt:2  | 63150 ||| FLEEEEING.
 63151 | Crypt:2  | 63151 ||| STAIRDANCE
 63162 | Crypt:1  | 63162 ||| Stepping ~*~*~tactically~*~*~ (stealth).
 63166 | Crypt:1  | 63166 ||| Stepping ~*~*~tactically~*~*~ (stealth).
 63167 | Crypt:1  | 63167 ||| Stepping ~*~*~tactically~*~*~ (stealth).
 63206 | Crypt:1  | 63206 ||| INVOKING Summon Divine Warrior.
 63406 | Crypt:1  | 63406 ||| Stepping ~*~*~tactically~*~*~ (stealth).
 63410 | Crypt:1  | 63410 ||| Stepping ~*~*~tactically~*~*~ (stealth).
 63436 | Crypt:1  | 63436 ||| UPGRADING to scarf of resistance.
 63927 | Crypt:2  | 63927 ||| DROPPING +2 pair of boots.
 63959 | Crypt:3  | Entered Level 3 of the Crypt
 64011 | Crypt:3  | 64011 ||| Stepping ~*~*~tactically~*~*~ (hiding).
 64012 | Crypt:3  | 64012 ||| Stepping ~*~*~tactically~*~*~ (hiding).
 64013 | Crypt:3  | 64013 ||| Stepping ~*~*~tactically~*~*~ (hiding).
 64014 | Crypt:3  | 64014 ||| Stepping ~*~*~tactically~*~*~ (hiding).
 64078 | Crypt:3  | 64078 ||| Stepping ~*~*~tactically~*~*~ (stealth).
 64079 | Crypt:3  | 64079 ||| Stepping ~*~*~tactically~*~*~ (hiding).
 64111 | Crypt:3  | 64111 ||| Stepping ~*~*~tactically~*~*~ (stealth).
 64112 | Crypt:3  | 64112 ||| Stepping ~*~*~tactically~*~*~ (stealth).
 64113 | Crypt:3  | 64113 ||| Stepping ~*~*~tactically~*~*~ (stealth).
 64139 | Crypt:3  | 64139 ||| Stepping ~*~*~tactically~*~*~ (stealth).
 64264 | Crypt:3  | Found a staircase to the Tomb.
 64266 | Crypt:3  | 64266 ||| INVOKING Cleansing Flame.
 64267 | Crypt:3  | 64267 ||| INVOKING Cleansing Flame.
 64355 | Crypt:3  | 64355 ||| READING scroll of acquirement.
 64355 | Crypt:3  | 64355 ||| ACQUIRING 400 gold pieces
 64355 | Crypt:3  | Acquired 400 gold pieces
 64412 | Crypt:3  | Noticed Xtahua
 64413 | Crypt:3  | 64413 ||| DRINKING potion of resistance.
 64423 | Crypt:3  | Killed Xtahua
 64424 | Crypt:3  | Reached skill level 15 in Invocations
 64442 | Crypt:3  | 64442 ||| Stepping ~*~*~tactically~*~*~ (stealth).
 64457 | Crypt:3  | 64457 ||| Stepping ~*~*~tactically~*~*~ (hiding).
 64462 | Crypt:3  | 64462 ||| Stepping ~*~*~tactically~*~*~ (stealth).
 64468 | Crypt:3  | 64468 ||| Stepping ~*~*~tactically~*~*~ (stealth).
 64478 | Crypt:3  | 64478 ||| Stepping ~*~*~tactically~*~*~ (hiding).
 64532 | Crypt:3  | 64532 ||| Stepping ~*~*~tactically~*~*~ (stealth).
 64533 | Crypt:3  | 64533 ||| Stepping ~*~*~tactically~*~*~ (stealth).
 64538 | Crypt:3  | 64538 ||| Stepping ~*~*~tactically~*~*~ (hiding).
 64751 | Crypt:3  | 64751 ||| Stepping ~*~*~tactically~*~*~ (stealth).
 64905 | Crypt:3  | 64905 ||| FLEEEEING.
 64906 | Crypt:3  | 64906 ||| FLEEEEING.
 64908 | Crypt:3  | 64908 ||| FLEEEEING.
 64909 | Crypt:3  | 64909 ||| FLEEEEING.
 64910 | Crypt:3  | 64910 ||| FLEEEEING.
 64911 | Crypt:3  | 64911 ||| FLEEEEING.
 64912 | Crypt:3  | 64912 ||| FLEEEEING.
 64916 | Crypt:3  | 64916 ||| FLEEEEING.
 64917 | Crypt:3  | 64917 ||| FLEEEEING.
 64918 | Crypt:3  | 64918 ||| FLEEEEING.
 64934 | Crypt:3  | 64934 ||| FLEEEEING.
 64935 | Crypt:3  | 64935 ||| FLEEEEING.
 64936 | Crypt:3  | 64936 ||| FLEEEEING.
 64937 | Crypt:3  | 64937 ||| FLEEEEING.
 64938 | Crypt:3  | 64938 ||| FLEEEEING.
 64939 | Crypt:3  | 64939 ||| FLEEEEING.
 64940 | Crypt:3  | 64940 ||| FLEEEEING.
 64941 | Crypt:3  | 64941 ||| FLEEEEING.
 64942 | Crypt:3  | 64942 ||| FLEEEEING.
 64943 | Crypt:3  | 64943 ||| FLEEEEING.
 64944 | Crypt:3  | 64944 ||| FLEEEEING.
 64945 | Crypt:3  | 64945 ||| FLEEEEING.
 64946 | Crypt:3  | 64946 ||| FLEEEEING.
 64947 | Crypt:3  | 64947 ||| FLEEEEING.
 64948 | Crypt:3  | 64948 ||| FLEEEEING.
 64949 | Crypt:3  | 64949 ||| FLEEEEING.
 64950 | Crypt:3  | 64950 ||| FLEEEEING.
 64952 | Crypt:3  | 64952 ||| FLEEEEING.
 64954 | Crypt:3  | 64954 ||| FLEEEEING.
 64955 | Crypt:3  | 64955 ||| FLEEEEING.
 64958 | Crypt:3  | 64958 ||| FLEEEEING.
 64960 | Crypt:3  | 64960 ||| FLEEEEING.
 64961 | Crypt:3  | 64961 ||| FLEEEEING.
 64962 | Crypt:3  | 64962 ||| FLEEEEING.
 64966 | Crypt:3  | 64966 ||| Stepping ~*~*~tactically~*~*~ (hiding).
 64977 | Crypt:3  | 64977 ||| FLEEEEING.
 64978 | Crypt:3  | 64978 ||| FLEEEEING.
 64979 | Crypt:3  | 64979 ||| FLEEEEING.
 64981 | Crypt:3  | 64981 ||| FLEEEEING.
 64982 | Crypt:3  | 64982 ||| FLEEEEING.
 64983 | Crypt:3  | 64983 ||| FLEEEEING.
 64984 | Crypt:3  | 64984 ||| FLEEEEING.
 64985 | Crypt:3  | 64985 ||| FLEEEEING.
 64986 | Crypt:3  | 64986 ||| FLEEEEING.
 64987 | Crypt:3  | 64987 ||| FLEEEEING.
 64988 | Crypt:3  | 64988 ||| FLEEEEING.
 64990 | Crypt:3  | 64990 ||| FLEEEEING.
 64991 | Crypt:3  | 64991 ||| FLEEEEING.
 64992 | Crypt:3  | 64992 ||| FLEEEEING.
 64993 | Crypt:3  | 64993 ||| FLEEEEING.
 64994 | Crypt:3  | 64994 ||| FLEEEEING.
 64995 | Crypt:3  | 64995 ||| FLEEEEING.
 64996 | Crypt:3  | 64996 ||| FLEEEEING.
 64997 | Crypt:3  | 64997 ||| FLEEEEING.
 64998 | Crypt:3  | 64998 ||| FLEEEEING.
 64999 | Crypt:3  | 64999 ||| FLEEEEING.
 65000 | Crypt:3  | 65000 ||| FLEEEEING.
 65001 | Crypt:3  | 65001 ||| FLEEEEING.
 65002 | Crypt:3  | 65002 ||| FLEEEEING.
 65003 | Crypt:3  | 65003 ||| FLEEEEING.
 65004 | Crypt:3  | 65004 ||| FLEEEEING.
 65005 | Crypt:3  | 65005 ||| FLEEEEING.
 65006 | Crypt:3  | 65006 ||| FLEEEEING.
 65034 | Crypt:3  | Found a basalt altar of Yredelemnul.
 65042 | Crypt:3  | 65042 ||| Stepping ~*~*~tactically~*~*~ (hiding).
 65091 | Crypt:3  | 65091 ||| FLEEEEING.
 65092 | Crypt:3  | 65092 ||| FLEEEEING.
 65093 | Crypt:3  | 65093 ||| FLEEEEING.
 65094 | Crypt:3  | 65094 ||| FLEEEEING.
 65095 | Crypt:3  | 65095 ||| FLEEEEING.
 65096 | Crypt:3  | 65096 ||| FLEEEEING.
 65097 | Crypt:3  | 65097 ||| FLEEEEING.
 65098 | Crypt:3  | 65098 ||| FLEEEEING.
 65099 | Crypt:3  | 65099 ||| FLEEEEING.
 65100 | Crypt:3  | 65100 ||| FLEEEEING.
 65101 | Crypt:3  | 65101 ||| FLEEEEING.
 65102 | Crypt:3  | 65102 ||| FLEEEEING.
 65104 | Crypt:3  | 65104 ||| FLEEEEING.
 65105 | Crypt:3  | 65105 ||| FLEEEEING.
 65106 | Crypt:3  | 65106 ||| FLEEEEING.
 65107 | Crypt:3  | 65107 ||| FLEEEEING.
 65113 | Crypt:3  | 65113 ||| FLEEEEING.
 65114 | Crypt:3  | 65114 ||| FLEEEEING.
 65115 | Crypt:3  | 65115 ||| FLEEEEING.
 65116 | Crypt:3  | 65116 ||| FLEEEEING.
 65117 | Crypt:3  | 65117 ||| FLEEEEING.
 65118 | Crypt:3  | 65118 ||| FLEEEEING.
 65119 | Crypt:3  | 65119 ||| FLEEEEING.
 65120 | Crypt:3  | 65120 ||| FLEEEEING.
 65121 | Crypt:3  | 65121 ||| FLEEEEING.
 65122 | Crypt:3  | 65122 ||| FLEEEEING.
 65123 | Crypt:3  | 65123 ||| FLEEEEING.
 65124 | Crypt:3  | 65124 ||| FLEEEEING.
 65125 | Crypt:3  | 65125 ||| FLEEEEING.
 65126 | Crypt:3  | 65126 ||| FLEEEEING.
 65127 | Crypt:3  | 65127 ||| FLEEEEING.
 65219 | Crypt:3  | Identified the +9 scale mail of the Wheelwright {Str+3}
 65220 | Crypt:3  | Identified the +4 shortbow of Vanity {vorpal, Fly rF+
                  | Str-5}
 65254 | Crypt:3  | 65254 ||| Stepping ~*~*~tactically~*~*~ (stealth).
 65255 | Crypt:3  | 65255 ||| Stepping ~*~*~tactically~*~*~ (stealth).
 65283 | Crypt:3  | 65283 ||| Stepping ~*~*~tactically~*~*~ (stealth).
 65287 | Crypt:3  | 65287 ||| Stepping ~*~*~tactically~*~*~ (stealth).
 65288 | Crypt:3  | 65288 ||| Stepping ~*~*~tactically~*~*~ (stealth).
 65319 | Crypt:3  | 65319 ||| Stepping ~*~*~tactically~*~*~ (stealth).
 65377 | Crypt:3  | Identified the +0 robe of Classification {Harm Str+4}
 65380 | Crypt:3  | 65380 ||| Stepping ~*~*~tactically~*~*~ (hiding).
 65381 | Crypt:3  | 65381 ||| Stepping ~*~*~tactically~*~*~ (hiding).
 65383 | Crypt:3  | 65383 ||| Stepping ~*~*~tactically~*~*~ (hiding).
 65435 | Crypt:3  | Reached skill level 24 in Armour
 65571 | Crypt:3  | 65571 ||| Stepping ~*~*~tactically~*~*~ (hiding).
 65572 | Crypt:3  | 65572 ||| Stepping ~*~*~tactically~*~*~ (hiding).
 65586 | Crypt:3  | 65586 ||| Stepping ~*~*~tactically~*~*~ (stealth).
 65668 | Crypt:3  | 65668 ||| Stepping ~*~*~tactically~*~*~ (stealth).
 65722 | Crypt:3  | 65722 ||| Stepping ~*~*~tactically~*~*~ (stealth).
 65726 | Crypt:3  | 65726 ||| Stepping ~*~*~tactically~*~*~ (stealth).
 65727 | Crypt:3  | 65727 ||| Stepping ~*~*~tactically~*~*~ (stealth).
 65886 | Crypt:3  | 65886 ||| PLANNING TOMB
 65886 | Crypt:3  | 65886 ||| DROPPING +2 pair of boots.
 65957 | Tomb:1   | Entered Level 1 of the Tomb of the Ancients
 66158 | Tomb:1   | 66158 ||| INVOKING Cleansing Flame.
 66212 | Tomb:1   | Paralysed by a sphinx for 4 turns
 66254 | Tomb:1   | 66254 ||| DRINKING 4 potions of curing.
 66254 | Tomb:1   | 66254 ||| (to cure confusion)
 66254 | Tomb:1   | Paralysed by a sphinx for 2 turns
 66436 | Tomb:1   | Noticed a royal mummy
 66437 | Tomb:1   | 66437 ||| INVOKING Summon Divine Warrior.
 66438 | Tomb:1   | 66438 ||| INVOKING Summon Divine Warrior.
 66439 | Tomb:1   | 66439 ||| INVOKING Cleansing Flame.
 66440 | Tomb:1   | 66440 ||| INVOKING Cleansing Flame.
 66441 | Tomb:1   | 66441 ||| INVOKING Summon Divine Warrior.
 66444 | Tomb:1   | Killed a royal mummy
 66457 | Tomb:1   | 66457 ||| Stepping randomly (cloudy).
 66458 | Tomb:1   | 66458 ||| Stepping ~*~*~tactically~*~*~ (hiding).
 66471 | Tomb:1   | 66471 ||| INVOKING Cleansing Flame.
 66472 | Tomb:1   | 66472 ||| INVOKING Cleansing Flame.
 66473 | Tomb:1   | 66473 ||| INVOKING Cleansing Flame.
 66478 | Tomb:1   | Noticed a royal mummy
 66479 | Tomb:1   | 66479 ||| INVOKING Cleansing Flame.
 66480 | Tomb:1   | 66480 ||| DRINKING potion of magic.
 66481 | Tomb:1   | 66481 ||| INVOKING Cleansing Flame.
 66482 | Tomb:1   | 66482 ||| INVOKING Summon Divine Warrior.
 66485 | Tomb:1   | Noticed a royal mummy
 66486 | Tomb:1   | 66486 ||| INVOKING Cleansing Flame.
 66487 | Tomb:1   | 66487 ||| INVOKING Cleansing Flame.
 66487 | Tomb:1   | HP: 36/188 [stone giant[the fury of Okawaru] (12)]
 66488 | Tomb:1   | 66488 ||| READING 19 scrolls of teleportation.
 66489 | Tomb:1   | 66489 ||| DRINKING potion of heal wounds.
 66490 | Tomb:1   | 66490 ||| INVOKING Cleansing Flame.
 66491 | Tomb:1   | 66491 ||| INVOKING Cleansing Flame.
 66594 | Tomb:1   | 66594 ||| Stepping ~*~*~tactically~*~*~ (cloud).
 66675 | Tomb:1   | Killed a royal mummy
 66676 | Tomb:1   | Reached XP level 27. HP: 59/193 MP: 35/35
 67163 | Tomb:1   | 67163 ||| Stepping ~*~*~tactically~*~*~ (hiding).
 67164 | Tomb:1   | 67164 ||| Stepping ~*~*~tactically~*~*~ (hiding).
 67166 | Tomb:1   | 67166 ||| INVOKING Summon Divine Warrior.
 67167 | Tomb:1   | 67167 ||| INVOKING Cleansing Flame.
 67168 | Tomb:1   | 67168 ||| INVOKING Cleansing Flame.
 67169 | Tomb:1   | 67169 ||| INVOKING Cleansing Flame.
 67169 | Tomb:1   | Killed a royal mummy
 67655 | Tomb:1   | 67655 ||| INVOKING Cleansing Flame.
 67906 | Tomb:2   | 67906 ||| DRINKING 10 potions of haste.
 67907 | Tomb:2   | 67907 ||| DRINKING 7 potions of attraction.
 67910 | Tomb:2   | 67910 ||| INVOKING Cleansing Flame.
 67910 | Tomb:2   | Noticed a royal mummy
 67912 | Tomb:2   | 67912 ||| INVOKING Cleansing Flame.
 67912 | Tomb:2   | Noticed a royal mummy
 67912 | Tomb:2   | Noticed a royal mummy
 67913 | Tomb:2   | 67913 ||| INVOKING Summon Divine Warrior.
 67918 | Tomb:2   | Noticed a royal mummy
 67919 | Tomb:2   | Killed a royal mummy
 67923 | Tomb:2   | Killed a royal mummy
 67924 | Tomb:2   | Reached skill level 18 in Invocations
 67929 | Tomb:2   | 67929 ||| INVOKING Cleansing Flame.
 67929 | Tomb:2   | Killed a royal mummy
 67930 | Tomb:2   | 67930 ||| INVOKING Summon Divine Warrior.
 67932 | Tomb:2   | Killed a royal mummy
 67936 | Tomb:2   | 67936 ||| INVOKING Cleansing Flame.
 68024 | Tomb:2   | 68024 ||| INVOKING Cleansing Flame.
 68446 | Tomb:2   | Was forgiven by Okawaru
 68745 | Tomb:1   | Noticed a royal mummy
 68746 | Tomb:1   | 68746 ||| Stepping ~*~*~tactically~*~*~ (hiding).
 68750 | Tomb:1   | 68750 ||| INVOKING Cleansing Flame.
 68751 | Tomb:1   | 68751 ||| INVOKING Summon Divine Warrior.
 68752 | Tomb:1   | Noticed a royal mummy
 68758 | Tomb:1   | Killed a royal mummy
 68759 | Tomb:1   | Killed a royal mummy
 68855 | Tomb:1   | Noticed a royal mummy
 68856 | Tomb:1   | 68856 ||| INVOKING Cleansing Flame.
 68857 | Tomb:1   | 68857 ||| INVOKING Cleansing Flame.
 68858 | Tomb:1   | 68858 ||| INVOKING Cleansing Flame.
 68858 | Tomb:1   | Killed a royal mummy
 68960 | Tomb:1   | Noticed a royal mummy
 68966 | Tomb:1   | Killed a royal mummy
 69040 | Tomb:1   | Noticed a royal mummy
 69041 | Tomb:1   | 69041 ||| Stepping ~*~*~tactically~*~*~ (stealth).
 69043 | Tomb:1   | 69043 ||| INVOKING Cleansing Flame.
 69044 | Tomb:1   | 69044 ||| INVOKING Summon Divine Warrior.
 69048 | Tomb:1   | Noticed a royal mummy
 69049 | Tomb:1   | Killed a royal mummy
 69050 | Tomb:1   | 69050 ||| INVOKING Cleansing Flame.
 69051 | Tomb:1   | 69051 ||| INVOKING Cleansing Flame.
 69052 | Tomb:1   | 69052 ||| INVOKING Cleansing Flame.
 69052 | Tomb:1   | Killed a royal mummy
 69055 | Tomb:1   | Noticed a royal mummy
 69056 | Tomb:1   | 69056 ||| INVOKING Cleansing Flame.
 69057 | Tomb:1   | 69057 ||| INVOKING Cleansing Flame.
 69059 | Tomb:1   | Killed a royal mummy
 69200 | Tomb:1   | Noticed a royal mummy
 69204 | Tomb:1   | 69204 ||| INVOKING Cleansing Flame.
 69210 | Tomb:1   | Killed a royal mummy
 69324 | Tomb:1   | Noticed a royal mummy
 69325 | Tomb:1   | Noticed a royal mummy
 69329 | Tomb:1   | 69329 ||| INVOKING Cleansing Flame.
 69330 | Tomb:1   | 69330 ||| INVOKING Cleansing Flame.
 69331 | Tomb:1   | 69331 ||| INVOKING Cleansing Flame.
 69332 | Tomb:1   | 69332 ||| INVOKING Cleansing Flame.
 69333 | Tomb:1   | Killed a royal mummy
 69339 | Tomb:1   | Killed a royal mummy
 69482 | Tomb:1   | Noticed a royal mummy
 69484 | Tomb:1   | Noticed a royal mummy
 69484 | Tomb:1   | Noticed a royal mummy
 69485 | Tomb:1   | 69485 ||| INVOKING Cleansing Flame.
 69486 | Tomb:1   | 69486 ||| INVOKING Cleansing Flame.
 69487 | Tomb:1   | 69487 ||| INVOKING Cleansing Flame.
 69487 | Tomb:1   | Killed a royal mummy
 69489 | Tomb:1   | 69489 ||| INVOKING Cleansing Flame.
 69490 | Tomb:1   | 69490 ||| INVOKING Cleansing Flame.
 69490 | Tomb:1   | Killed a royal mummy
 69491 | Tomb:1   | Noticed a royal mummy
 69492 | Tomb:1   | 69492 ||| INVOKING Cleansing Flame.
 69493 | Tomb:1   | 69493 ||| INVOKING Cleansing Flame.
 69496 | Tomb:1   | 69496 ||| INVOKING Cleansing Flame.
 69496 | Tomb:1   | Killed a royal mummy
 69498 | Tomb:1   | Killed a royal mummy
 69550 | Tomb:1   | Noticed a royal mummy
 69553 | Tomb:1   | Killed a royal mummy
 69700 | Tomb:1   | Noticed a royal mummy
 69701 | Tomb:1   | 69701 ||| INVOKING Cleansing Flame.
 69702 | Tomb:1   | 69702 ||| INVOKING Cleansing Flame.
 69703 | Tomb:1   | 69703 ||| INVOKING Cleansing Flame.
 69703 | Tomb:1   | Killed a royal mummy
 70254 | Tomb:2   | Reached skill level 21 in Invocations
 70281 | Tomb:2   | 70281 ||| Stepping ~*~*~tactically~*~*~ (stealth).
 70297 | Tomb:2   | 70297 ||| INVOKING Cleansing Flame.
 70308 | Tomb:2   | 70308 ||| INVOKING Cleansing Flame.
 70309 | Tomb:2   | 70309 ||| INVOKING Cleansing Flame.
 70310 | Tomb:2   | 70310 ||| INVOKING Cleansing Flame.
 70339 | Tomb:2   | 70339 ||| Stepping ~*~*~tactically~*~*~ (stealth).
 70353 | Tomb:2   | 70353 ||| Stepping ~*~*~tactically~*~*~ (stealth).
 70374 | Tomb:2   | 70374 ||| INVOKING Cleansing Flame.
 70375 | Tomb:2   | 70375 ||| INVOKING Cleansing Flame.
 70544 | Tomb:3   | Entered Level 3 of the Tomb of the Ancients
 70545 | Tomb:3   | 70545 ||| DRINKING 10 potions of haste.
 70546 | Tomb:3   | 70546 ||| DRINKING 6 potions of attraction.
 70579 | Tomb:3   | 70579 ||| INVOKING Cleansing Flame.
 70588 | Tomb:3   | 70588 ||| INVOKING Cleansing Flame.
 70626 | Tomb:3   | 70626 ||| INVOKING Cleansing Flame.
 70629 | Tomb:3   | Noticed a royal mummy
 70630 | Tomb:3   | 70630 ||| INVOKING Summon Divine Warrior.
 70635 | Tomb:3   | 70635 ||| INVOKING Cleansing Flame.
 70636 | Tomb:3   | 70636 ||| INVOKING Cleansing Flame.
 70637 | Tomb:3   | 70637 ||| INVOKING Cleansing Flame.
 70637 | Tomb:3   | Noticed a royal mummy
 70638 | Tomb:3   | 70638 ||| INVOKING Cleansing Flame.
 70639 | Tomb:3   | 70639 ||| INVOKING Cleansing Flame.
 70639 | Tomb:3   | Noticed a royal mummy
 70639 | Tomb:3   | Gained mutation: You have sharp toenails. [mutagenic glow]
 70640 | Tomb:3   | Killed a royal mummy
 70644 | Tomb:3   | 70644 ||| INVOKING Cleansing Flame.
 70648 | Tomb:3   | Noticed a royal mummy
 70649 | Tomb:3   | 70649 ||| INVOKING Cleansing Flame.
 70650 | Tomb:3   | Identified the +8 quarterstaff of Ralilim {freeze, *Noise
                  | rF++ rCorr Dex+3}
 70650 | Tomb:3   | Gained mutation: You have a pair of small antennae on your
                  | head. [mutagenic glow]
 70652 | Tomb:3   | HP: 42/193 [royal mummy/divine providence (10)]
 70653 | Tomb:3   | 70653 ||| READING 19 scrolls of teleportation.
 70653 | Tomb:3   | HP: 17/193 [emperor scorpion[a royal mummy] (14)]
 70653 | Tomb:3   | The Shining One protects you from harm!
 70655 | Tomb:3   | 70655 ||| INVOKING Cleansing Flame.
 70655 | Tomb:3   | Killed a royal mummy
 70655 | Tomb:3   | Killed by a royal mummy's death curse

Levels and vault maps discovered:
D:1:      giann_forest_graveyard, layout_loops_ring
D:2:      minmay_chambers_of_ones, layout_loops_ring, minmay_tiny_reverse_x
D:3:      gammafunk_wand_slinger, layout_rooms, lemuel_coloured_pillars_altar,
          basic_ecumenical_altar
D:4:      layout_basic, minmay_misc_feat_rugged, saegor_snake_ambush
D:5:      layout_gridville, uniq_pikel, uniq_menkaure
D:6:      layout_loops_ring, minmay_misc_feat_ornament, minmay_splitting_lines,
          corexii_shack
D:7:      layout_basic, minmay_temple_entry_statues_fountains
D:8:      layout_basic, slow_altar_1, nicolae_wu_jian_immortal_techniques,
          mainiacjoe_overflow_brackets, serial_shops, nicolae_shop_behind_doors,
          uniq_psyche, uniq_maurice
D:9:      layout_gridville, mainiacjoe_overflow_24_doors,
          nicolae_elyvilon_peaceful_grove,
          mainiacjoe_overflow_concentric_impassable, david_orc_4, minivault_16,
          nzn_random_ring
D:10:     minmay_quarter_circles, layout_rooms, lemuel_zombie_altar_yredelemnul,
          chequers_serial_rivers_small_3, uniq_joseph
D:11:     layout_basic, minmay_lair_entry_grove
D:12:     layout_gridville
D:13:     layout_big_octagon, serial_undead, serial_undead_f, serial_undead_b,
          serial_undead_d, serial_undead_d, hangedman_weighted_door,
          minmay_holes, minmay_fractal_squares_gapless_7
D:14:     layout_basic, lemuel_round_altar, uniq_frances, uniq_roxanne,
          uniq_azrael
D:15:     hangedman_depths_entry_try_elsewhere_first, layout_stronghold,
          chequers_hall_statues_corner_a, minmay_bent
Temple:   minmay_temple_curvy_branch
Lair:1:   layout_small_grid, grunt_megastairs_2
Lair:2:   gammafunk_indiana_jones, layout_cave_pods, swamp_mist,
          lemuel_fruit_tree, uniq_urug
Lair:3:   minmay_guarded_unrand_snakebite, layout_cave_pods,
          spider_nest_entry_web_field, serial_forest,
          infiniplex_forest_clump_long, infiniplex_forest_clump_small,
          infiniplex_forest_lined_3, infiniplex_forest_end_1, uniq_josephine,
          uniq_rupert
Lair:4:   layout_layer_cave, st_stairs_13, chequers_serial_rivers_marsh,
          serial_bayou_shore_a, infiniplex_staircase_pool
Lair:5:   evilmike_catoblepas_cave, layout_cave_shapes,
          minmay_slime_entry_pillars, uniq_snorg
Swamp:1:  layout_basic_swamp, serial_swamp_ruin, evilmike_swamp_ruin_rubble_2,
          evilmike_swamp_ruin_house_3, swamp_pool1, st_swamp_ruins_3,
          uniq_kirke, uniq_nikola
Swamp:2:  layout_falls_marsh, evilmike_swamp_ruin_rubble_1
Swamp:3:  nicolae_swamp_husk_halls, layout_basic_swamp, hangedman_swamp_lotus
Swamp:4:  swamp_basic_johnstein, layout_basic_swamp, nicolae_swamp_triple_paths
Spider:1: layout_spider_delve, portal_ice_cave_entry_pillars_2
Spider:2: layout_cave_pods, uniq_asterion
Spider:3: layout_spider_delve, spiders_nest_the_unseen
Spider:4: guppyfry_spider_rune, uniq_donald
Orc:1:    layout_caves, basic_altar, nicolae_orc_sculptors_studio,
          nicolae_shop_overcharged_wands
Orc:2:    st_orc_elflike, layout_caves, basic_altar, uniq_erolcha,
          uniq_saint_roka
Vaults:1: v_misc_28, nicolae_vaults_know_your_exits, vaults_mumra_minichess,
          v_rooms_4, vaults_dpeg_cross, hangedman_vaults_restitches, v_rooms_1,
          vaults_room_grunt_arrival_ludios, grunt_vaults_diagonal,
          nicolae_vaults_little_squares_6, nicolae_vaults_gold_heap,
          layout_vaults_omnigrid, serial_shops, shop
Vaults:2: vaults_room_corners, v_pattern_4, vaults_room_hallway,
          v_alt_pattern_2, nicolae_vaults_asterisk, grunt_vaults_hallway_long,
          gammafunk_its_a_trap, v_misc_27, ontoclasm_vaults_loading_screen,
          hangedman_vaults_corner, vaults_room_door_ring, v_alt_pattern_2,
          grunt_vaults_focal, grunt_vaults_hallway_short, vaults_room_pool,
          nicolae_vaults_rhombus_7, layout_vaults_omnibox
Vaults:3: minmay_crypt_entry_necro_gods, vaults_room_door_hall,
          hangedman_vaults_impose, v_rooms_4, nicolae_vaults_triangles,
          grunt_vaults_swirl, vaults_dpeg_spiral, v_misc_13,
          nicolae_vaults_murderbox, layout_vaults_big_room
Vaults:4: st_eye, grunt_vaults_twisty, nicolae_vaults_big_angled_halls,
          v_misc_3, hangedman_vaults_stretched_pinwheel, v_misc_30,
          v_alt_pattern_3, nicolae_vaults_network_quinsquares
          [nicolae_vaults_network_quincunx_subvault,
          nicolae_vaults_network_quincunx_subvault,
          nicolae_vaults_network_quincunx_subvault,
          nicolae_vaults_network_quincunx_subvault], v_misc_27,
          nicolae_vaults_little_squares_2, nicolae_vaults_ring_of_whatevers,
          v_misc_24, nicolae_vaults_circle_grid_b, ontoclasm_vaults_hangar,
          grunt_vaults_hallway_long, serial_ice_b, vaults_room_fours,
          vaults_dpeg_ring, layout_vaults_big_cross, uniq_bai_suzhen
Vaults:5: uniq_mennas
Crypt:1:  lemuel_vampire_tower, layout_misc_corridors, uniq_margery
Crypt:2:  layout_chaotic_city, lemuel_nasty_fountain, uniq_josephina, uniq_khufu
Crypt:3:  evilmike_haunted_forest, uniq_xtahua
Tomb:1
Tomb:2
Tomb:3
Depths:1: layout_cave_pools, enter_ziggurat_c, nicolae_ashenzari_panopticon,
          hell_entry, minmay_multi_spiral
Depths:2: wad_courtyard, layout_cave_pools, grunt_pan_entry_zigzag,
          pf_coc_iceberg, st_stairs_13, columned_hall_lemuel,
          kennysheep_generic_room_15
Depths:3: minmay_open_boxes_in_corner, layout_gridlike,
          grunt_hell_entry_dis_old, serial_shops, bzr_entry_lakeside,
          nicolae_shop_trees, shop, lemuel_round_altar, rand_demon_pan_entry_3,
          abyss_entry
Depths:4: evilmike_zot_entry_round, layout_basic, abyss_entry, hellmouth_2,
          chequers_serial_rivers_micro_c, serial_bayou_crossing
Zot:1:    layout_gridlike
Zot:2:    layout_misc_corridors
Zot:3:    hellmonk_paralyzer, layout_cathedral_of_symmetry
Zot:4:    kennysheep_room_grid, layout_gridlike

Skill      XL: |  1  2  3  4  5  6  7  8  9 10 11 12 13 14 15 16 17 18 19 20 21 22 23 24 25 26 27 |
---------------+----------------------------------------------------------------------------------+-----
Axes           | 2 3 4 5 6 8 9 11 12 14 16 18 | 18.0
Fighting       | 6 7 8 9 10 11 12 13 14 15 16 17 18 20 22 23 25 | 25.0
Armour         | 4 6 8 9 10 11 13 15 16 18 19 20 21 22 24 | 24.0
Dodging        | 1 2 4 6 7 8 |  8.6
Throwing       | 1 4 6 7 8 9 10 12 13 14 | 14.0
Shields        | 4 5 6 7 8 9 13 15 16 19 20 21 22 | 22.0
Invocations    | 3 4 6 10 13 17 22 | 22.0

Action                   |  1- 3 |  4- 6 |  7- 9 | 10-12 | 13-15 | 16-18 | 19-21 | 22-24 | 25-27 || total
-------------------------+-------+-------+-------+-------+-------+-------+-------+-------+-------++-------
Melee: War axe           |    84 |   118 |   171 |   389 |    15 |    23 |       |       |   582 ||  1382
       Broad axe         |       |       |       |   182 |   722 |  1267 |  1383 |  1594 |  1102 ||  6250
Throw: Boomerang         |       |     8 |    39 |    18 |    21 |    13 |     1 |     4 |    23 ||   127
       Javelin           |       |       |       |    16 |   142 |   153 |   115 |    86 |   135 ||   647
Invok: Heroism           |       |       |     2 |    35 |    39 |    53 |    39 |    51 |     8 ||   227
       Finesse           |       |       |       |     1 |    14 |    14 |     5 |    17 |       ||    51
       Cleansing Flame   |       |       |       |       |       |       |       |       |    73 ||    73
       Summon Divine War |       |       |       |       |       |       |       |       |    13 ||    13
       Brand Weapon With |       |       |       |       |       |       |       |       |     1 ||     1
  Use: Scroll            |     6 |     8 |     7 |     8 |    10 |     5 |     3 |    11 |     3 ||    61
       Potion            |       |     1 |       |    13 |     1 |     7 |     1 |     8 |    11 ||    42
 Stab: Confused          |       |       |       |       |     4 |     2 |       |     1 |       ||     7
       Paralysed         |       |       |       |       |     2 |       |       |       |       ||     2
       Petrifying        |       |       |       |       |     1 |     1 |       |       |       ||     2
Armor: Scale mail        |    17 |       |       |       |       |       |       |       |       ||    17
       Plate armour      |    15 |    62 |    82 |   370 |   333 |       |       |       |       ||   862
       Crystal plate arm |       |       |       |       |    55 |   847 |   686 |   759 |   974 ||  3321
Dodge: Dodged            |    28 |    25 |    30 |   158 |   163 |   339 |   362 |   445 |   488 ||  2038
Block: Buckler           |    16 |    51 |    69 |   229 |   305 |   270 |       |       |       ||   940
       Reflection        |       |     2 |     3 |    16 |    25 |    11 |    51 |    56 |    61 ||   225
       Kite shield       |       |       |       |       |       |   568 |   216 |       |       ||   784
       Tower shield      |       |       |       |       |       |       |  1054 |  1648 |  2024 ||  4726

Table legend:
 A = Non-vault XP
 B = Vault XP
 C = Vault XP percentage of total XP
 D = Non-vault monster count
 E = Vault monster count
 F = Vault count percentage of total count
                 A         B        C        D         E       F
            +---------+---------+-------+---------+---------+-------
      Total |  694812 |  711448 |  50.6 |    1367 |     926 |  40.4
            +---------+---------+-------+---------+---------+-------
        D:1 |      25 |       0 |   0.0 |      13 |       0 |   0.0
        D:2 |      60 |       9 |  13.0 |      11 |       7 |  38.9
        D:3 |      30 |       0 |   0.0 |      11 |       0 |   0.0
        D:4 |     184 |      15 |   7.5 |      18 |       2 |  10.0
        D:5 |     330 |     768 |  69.9 |      12 |       2 |  14.3
        D:6 |    1121 |       2 |   0.2 |      19 |       1 |   5.0
        D:7 |     928 |       0 |   0.0 |      22 |       0 |   0.0
        D:8 |    1182 |     872 |  42.5 |      26 |       3 |  10.3
        D:9 |    2831 |    7559 |  72.8 |      35 |      35 |  50.0
       D:10 |    1789 |    6356 |  78.0 |      12 |      26 |  68.4
       D:11 |    4759 |    2147 |  31.1 |      21 |      12 |  36.4
       D:12 |    6175 |       0 |   0.0 |      15 |       0 |   0.0
       D:13 |   11358 |   15929 |  58.4 |      28 |      32 |  53.3
       D:14 |    7323 |    4928 |  40.2 |      14 |       9 |  39.1
       D:15 |    9775 |    6752 |  40.9 |      16 |      11 |  40.7
     Lair:1 |    4960 |     986 |  16.6 |      20 |       4 |  16.7
     Lair:2 |    6243 |     800 |  11.4 |      21 |       1 |   4.5
     Lair:3 |   12690 |    5848 |  31.5 |      47 |      20 |  29.9
     Lair:4 |    8648 |       0 |   0.0 |      27 |       0 |   0.0
     Lair:5 |    2265 |   12754 |  84.9 |       5 |      28 |  84.8
    Swamp:1 |   13161 |    9484 |  41.9 |      31 |      10 |  24.4
    Swamp:2 |   13095 |       0 |   0.0 |      22 |       0 |   0.0
    Swamp:3 |   15972 |     972 |   5.7 |      29 |       4 |  12.1
    Swamp:4 |   11162 |   17912 |  61.6 |      22 |      29 |  56.9
   Spider:1 |   21829 |       0 |   0.0 |      54 |       0 |   0.0
   Spider:2 |   15249 |    1816 |  10.6 |      38 |       1 |   2.6
   Spider:3 |   15586 |    1225 |   7.3 |      41 |       1 |   2.4
   Spider:4 |   22175 |   13862 |  38.5 |      47 |      24 |  33.8
      Orc:1 |    1892 |       0 |   0.0 |      20 |       0 |   0.0
      Orc:2 |    1198 |   12470 |  91.2 |      13 |      36 |  73.5
   Vaults:1 |   31528 |   37350 |  54.2 |      47 |      50 |  51.5
   Vaults:2 |   40162 |   10613 |  20.9 |      54 |      13 |  19.4
   Vaults:3 |   18830 |   34899 |  65.0 |      27 |      41 |  60.3
   Vaults:4 |   34396 |   73683 |  68.2 |      45 |      75 |  62.5
   Vaults:5 |   18448 |   52691 |  74.1 |      30 |      44 |  59.5
    Crypt:1 |   26122 |   39185 |  60.0 |      46 |      54 |  54.0
    Crypt:2 |   32379 |    8303 |  20.4 |      51 |       4 |   7.3
    Crypt:3 |       0 |   63054 | 100.0 |       0 |      98 | 100.0
     Tomb:1 |    9481 |   96691 |  91.1 |      29 |      55 |  65.5
     Tomb:2 |   12130 |   39468 |  76.5 |      31 |      54 |  63.5
     Tomb:3 |    6961 |   24812 |  78.1 |      15 |      33 |  68.8
   Depths:1 |   20220 |   14689 |  42.1 |      26 |      14 |  35.0
   Depths:2 |   19102 |   21305 |  52.7 |      28 |      30 |  51.7
   Depths:3 |   38122 |   11463 |  23.1 |      42 |      14 |  25.0
   Depths:4 |   15981 |   22605 |  58.6 |      20 |      27 |  57.4
      Zot:1 |   30663 |       0 |   0.0 |      26 |       0 |   0.0
      Zot:2 |   50549 |       0 |   0.0 |      44 |       0 |   0.0
      Zot:3 |   42666 |   20831 |  32.8 |      35 |      10 |  22.2
      Zot:4 |   19149 |   16340 |  46.0 |      16 |      12 |  42.9
    Abyss:2 |   13928 |       0 |   0.0 |      45 |       0 |   0.0
            +---------+---------+-------+---------+---------+-------
